Workbook

Sheet סכום נכסי הקרן
A1: תחילת טבלה
B2: תאריך הדיווח | C2: 43646
B3: החברה המדווחת | C3: רעות חברה לניהול קופות גמל בע"מ
B4: שם מסלול/קרן/קופה | C4: רעות כללי
B5: מספר מסלול/קרן/קופה | C5: 392
B6: סכום נכסי ההשקעה:
C7: שווי הוגן | D7: שעור מנכסי השקעה*
C8: אלפי ש"ח | D8: אחוזים
C9: (1) | D9: (2)
B10: .1 נכסים המוצגים לפי שווי הוגן
B11: א. מזומנים | C11: 115810.39 | D11: 5.14
B12: ב. ניירות ערך סחירים:
B13: (1) תעודות התחייבות ממשלתיות | C13: 506817.51 | D13: 22.49
B14: (2) תעודות חוב מסחריות | C14: 0 | D14: 0
B15: (3) אג''ח קונצרני | C15: 498053.85 | D15: =C15/$C$42*100 -> 22.104787
B16: (4) מניות | C16: 480939.42 | D16: =C16/$C$42*100 -> 21.345209
B17: (5) תעודות סל | C17: 208354.63 | D17: 9.25
B18: (6) תעודות השתתפות בקרנות נאמנות | C18: 125401.85 | D18: 5.57
B19: (7) כתבי אופציה | C19: 203.6 | D19: 0.01
B20: (8) אופציות | C20: 1558.66 | D20: 0.07
B21: (9) חוזים עתידיים | C21: 1350.14 | D21: 0.06
B22: (10) מוצרים מובנים | C22: 14506.68 | D22: 0.64
B23: ג. ניירות ערך לא סחירים:
B24: (1) תעודות התחייבות ממשלתיות | C24: 0 | D24: 0
B25: (2) תעודות חוב מסחריות | C25: 0 | D25: 0
B26: (3) אג''ח קונצרני | C26: 43976.83 | D26: 1.95
B27: (4) מניות | C27: 1144.75 | D27: 0.05
B28: (5) קרנות השקעה | C28: 164169.13 | D28: 7.29
B29: (6) כתבי אופציה | C29: 5.27 | D29: 0
B30: (7) אופציות | C30: 0 | D30: 0
B31: (8) חוזים עתידיים | C31: 2584.15 | D31: 0.11
B32: (9) מוצרים מובנים | C32: 0 | D32: 0
B33: ד. הלוואות | C33: 86367.98 | D33: 3.83
B34: ה. פקדונות מעל 3 חודשים | C34: 618.16 | D34: 0.03
B35: ו. זכויות מקרקעין | C35: 0 | D35: 0
... B37: ח. השקעות אחרות | C37: 1286.22 | D37: 0.06
B38: .2 נכסים המוצגים לפי עלות מתואמת
B39: א. אג"ח קונצרני סחיר | C39: 0 | D39: 0
B40: ב. אג"ח קונצרני לא סחיר | C40: 0 | D40: 0
B41: ג. מסגרות אשראי מנוצלות ללווים | C41: 0 | D41: 0
B42: סה''כ סכום נכסי המסלול או הקרן | C42: 2253149.2 | D42: 100
B43: ט. יתרות התחייבות להשקעה: | C43: 79653.58
B44: * בהתאם לשיטה שיושמה בדוח הכספי
C45: שם מטבע | D45: שע"ח
C46: (1) | D46: (2)
C47: דולר אמריקאי | D47: 3.566
C48: לירה שטרלינג | D48: 4.5216
C49: פרנק שווצרי | D49: 3.6611
C50: כתר דני | D50: 0.5442
C51: אירו | D51: 4.0616
C52: כתר נורבגי | D52: 0.4188
C53: דולר אוסטרלי | D53: 2.5004
C54: יין יפני 100 יחידות | D54: 3.3125
C55: דולר הונג קונג | D55: 0.4566
C56: לירה טורקית חדשה | D56: 0.6186
A58: 12:57:06 | B58: 2019-07-22
A59: סוף טבלה

Sheet מזומנים
A1: תחילת טבלה
B2: תאריך הדיווח | C2: 43646
B3: החברה המדווחת | C3: רעות חברה לניהול קופות גמל בע"מ
B4: שם מסלול/קרן/קופה | C4: רעות כללי
B5: מספר מסלול/קרן/קופה | C5: 392
B6: 1. א. מזומנים ושווי מזומנים
B7: שם המנפיק/שם נייר ערך | C7: מספר ני"ע | D7: מספר מנפיק | E7: דירוג | F7: שם מדרג | G7: סוג מטבע | H7: שיעור ריבית | I7: תשואה לפדיון | J7: שווי שוק | K7: שעור מנכסי אפיק ההשקעה
H8: אחוזים | I8: אחוזים | J8: אלפי ש"ח | K8: אחוזים
C9: (1) | D9: (2) | E9: (3) | F9: (4) | G9: (5) | H9: (6) | I9: (7) | J9: (8) | K9: (9)
B10: סה"כ מזומנים ושווי מזומנים | H10: 0.14 | I10: 0 | J10: 115810.38 | K10: 100
B11: סה"כ בישראל | H11: 0.14 | I11: 0 | J11: 115810.38 | K11: 100
B12: יתרות מזומנים ועו"ש בש"ח
B13: בנק הפועלים - שקל חדש | C13: 912001 | D13: 12 | E13: ilAA+ | F13: מעלות S&P | G13: שקל חדש | H13: 0 | I13: 0 | J13: 12647.66 | K13: 10.92
B14: ייתרות מזומנים ועו"ש נקובים במט"ח
B15: סכומים לקבל תנועות בזמן T מט"ח | C15: 5624 | E15: AA+IL | F15: מעלות S&P | G15: שקל חדש | H15: 0 | I15: 0 | J15: -3095.37 | K15: -2.67
B16: בנק הפועלים - כתר נורבגי | C16: 912132 | D16: 12 | E16: ilAA+ | F16: מעלות S&P | G16: כתר נורבגי | H16: 0 | I16: 0 | J16: 9.98 | K16: 0.01
B17: בנק הפועלים - דולר הונג קונג | C17: 912353 | D17: 12 | E17: ilAA+ | F17: מעלות S&P | G17: דולר הונג קונג | H17: 0 | I17: 0 | J17: 154.8 | K17: 0.13
B18: בנק הפועלים - כתר דני | C18: 912078 | D18: 12 | E18: ilAA+ | F18: מעלות S&P | G18: כתר דני | H18: 0 | I18: 0 | J18: 21.52 | K18: 0.02
B19: בנק הפועלים - לירה טורקית חדשה | C19: 912387 | D19: 12 | E19: ilAA+ | F19: מעלות S&P | G19: לירה טורקית | H19: 0 | I19: 0 | J19: 795 | K19: 0.69
B20: בנק הפועלים - דולר אוסטרלי | C20: 912183 | D20: 12 | E20: ilAA+ | F20: מעלות S&P | G20: דולר אוסטרלי | H20: 0 | I20: 0 | J20: 225.13 | K20: 0.19
B21: בנק הפועלים - דולר אמריקאי | C21: 912019 | D21: 12 | E21: ilAA+ | F21: מעלות S&P | G21: דולר אמריקאי | H21: 0 | I21: 0 | J21: 11279.28 | K21: 9.74
B22: בנק הפועלים - פרנק שווצרי | C22: 912035 | D22: 12 | E22: ilAA+ | F22: מעלות S&P | G22: פרנק שווצרי | H22: 0 | I22: 0 | J22: 5.79 | K22: 0
B23: בנק הפועלים - אירו | C23: 912100 | D23: 12 | E23: ilAA+ | F23: מעלות S&P | G23: אירו | H23: 0 | I23: 0 | J23: 38.03 | K23: 0.03
B24: בנק הפועלים - לירה שטרלינג | C24: 912027 | D24: 12 | E24: ilAA+ | F24: מעלות S&P | G24: לירה שטרלינג | H24: 0 | I24: 0 | J24: 11.42 | K24: 0.01
B25: פח"ק פר"י
B26: פועלים סהר - שקל חדש | C26: 111111222 | D26: 512199381 | E26: ilAA+ | F26: מעלות S&P | G26: שקל חדש | H26: 0.16 | I26: 0 | J26: 67278.37 | K26: 58.09
B27: פק"מ לתקופה של עד שלושה חודשים
B28: פועלים סהר - שקל חדש | C28: 801831322 | D28: 512199381 | E28: ilAA+ | F28: מעלות S&P | G28: שקל חדש | H28: 0.24 | I28: 0 | J28: 5617.04 | K28: 4.85
B29: פועלים סהר - שקל חדש | C29: 801830431 | D29: 512199381 | E29: ilAA+ | F29: מעלות S&P | G29: שקל חדש | H29: 0.2 | I29: 0 | J29: 5617.21 | K29: 4.85
B30: פועלים סהר - שקל חדש | C30: 801830704 | D30: 512199381 | E30: ilAA+ | F30: מעלות S&P | G30: שקל חדש | H30: 0.24 | I30: 0 | J30: 5842.23 | K30: 5.04
B31: פועלים סהר - שקל חדש | C31: 801830928 | D31: 512199381 | E31: ilAA+ | F31: מעלות S&P | G31: שקל חדש | H31: 0.23 | I31: 0 | J31: 6080.19 | K31: 5.25
B32: פועלים סהר - שקל חדש | C32: 801831116 | D32: 512199381 | E32: ilAA+ | F32: מעלות S&P | G32: שקל חדש | H32: 0.23 | I32: 0 | J32: 3282.08 | K32: 2.83
B33: פקדון צמוד מדד עד שלושה חודשים
B34: פקדון צמוד מט"ח עד שלושה חודשים (פצ"מ)
B35: פקדונות במט"ח עד שלושה חודשים
B36: סה"כ בחו"ל | H36: 0 | I36: 0 | J36: 0 | K36: 0
B37: יתרות מזומנים ועו"ש נקובים במט"ח
B38: פקדונות במט"ח עד שלושה חודשים
B39: * בעל ענין/צד קשור
A40: 12:57:06 | B40: 2019-07-22
A41: סוף טבלה

Sheet תעודות התחייבות ממשלתיות
A1: תחילת טבלה
B2: תאריך הדיווח | C2: 43646
B3: החברה המדווחת | C3: רעות חברה לניהול קופות גמל בע"מ
B4: שם מסלול/קרן/קופה | C4: רעות כללי
B5: מספר מסלול/קרן/קופה | C5: 392
B6: 1. ב. ניירות ערך סחירים
B7: 1. תעודות התחייבות ממשליות
B8: שם המנפיק/שם נייר ערך | C8: מספר ני"ע | D8: זירת מסחר | E8: דירוג | F8: שם מדרג | G8: תאריך רכישה | H8: מח"מ | I8: סוג מטבע | J8: שיעור ריבית | K8: תשואה לפדיון | L8: ערך נקוב | M8: שער | N8: פדיון/ריבית לקבל | O8: שווי שוק | P8: שעור מערך נקוב מונפק | Q8: שעור מנכסי אפיק ההשקעה | R8: שעור מסך נכסי השקעה**
H9: שנים | J9: אחוזים | K9: אחוזים | L9: ש"ח | M9: אגורות | N9: אלפי ש"ח | O9: אלפי ש"ח | P9: אחוזים | Q9: אחוזים | R9: אחוזים
C10: (1) | D10: (2) | E10: (3) | F10: (4) | G10: (5) | H10: (6) | I10: (7) | J10: (8) | K10: (9) | L10: (10) | M10: (11) | N10: (12) | O10: (13) | P10: (14) | Q10: (15) | R10: (16)
B11: סה"כ תעודות התחייבות ממשלתיות | H11: 4.24 | J11: 2.59 | K11: 0.03 | L11: 421657933 | N11: 0 | O11: 506817.51 | Q11: 100 | R11: 22.49
B12: סה"כ בישראל | H12: 4.28 | J12: 2.62 | K12: 0.01 | L12: 420207933 | N12: 0 | O12: 501692.08 | Q12: 98.99 | R12: 22.27
B13: סה"כ צמודות מדד | H13: 4.79 | J13: 2.48 | K13: -0.45 | L13: 235273931 | N13: 0 | O13: 301202.47 | Q13: 59.43 | R13: 13.37
B14: ממשל צמודה 1020 | C14: 1137181 | D14: TASE | E14: RF | F14: ללא דירוג | H14: 1.33 | I14: שקל חדש | J14: 0.1 | K14: -0.78 | L14: 16750268 | M14: 103.69 | N14: 0 | O14: 17368.35 | P14: 0.11 | Q14: 3.43 | R14: 0.77
B15: ממשל צמודה 1025 | C15: 1135912 | D15: TASE | E15: RF | F15: ללא דירוג | H15: 6.19 | I15: שקל חדש | J15: 0.75 | K15: -0.37 | L15: 24911518 | M15: 109.86 | N15: 0 | O15: 27367.79 | P15: 0.18 | Q15: 5.4 | R15: 1.21
B16: ממשל צמודה 0527 | C16: 1140847 | D16: TASE | E16: RF | F16: ללא דירוג | H16: 7.72 | I16: שקל חדש | J16: 0.75 | K16: -0.17 | L16: 5750000 | M16: 110.25 | N16: 0 | O16: 6339.37 | P16: 0.04 | Q16: 1.25 | R16: 0.28
B17: ממשל צמודה 1019 | C17: 1114750 | D17: TASE | E17: RF | F17: ללא דירוג | H17: 0.33 | I17: שקל חדש | J17: 3 | K17: 0.57 | L17: 7844513 | M17: 114.99 | N17: 0 | O17: 9020.4 | P17: 0.06 | Q17: 1.78 | R17: 0.4
B18: ממשל צמודה 0923 | C18: 1128081 | D18: TASE | E18: RF | F18: ללא דירוג | H18: 4.09 | I18: שקל חדש | J18: 1.75 | K18: -0.63 | L18: 98625000 | M18: 115.31 | N18: 0 | O18: 113724.49 | P18: 0.66 | Q18: 22.44 | R18: 5.05
B19: ממשל צמודה 0922 | C19: 1124056 | D19: TASE | E19: RF | F19: ללא דירוג | H19: 3.11 | I19: שקל חדש | J19: 2.75 | K19: -0.78 | L19: 10130000 | M19: 119.68 | N19: 0 | O19: 12123.58 | P19: 0.06 | Q19: 2.39 | R19: 0.54
B20: גליל 5903 | C20: 9590332 | D20: TASE | E20: RF | F20: ללא דירוג | H20: 1.98 | I20: שקל חדש | J20: 4 | K20: -0.83 | L20: 37003576 | M20: 150.86 | N20: 0 | O20: 55823.59 | P20: 0.24 | Q20: 11.01 | R20: 2.48
B21: גליל 5904 | C21: 9590431 | D21: TASE | E21: RF | F21: ללא דירוג | H21: 4.61 | I21: שקל חדש | J21: 4 | K21: -0.54 | L21: 15300000 | M21: 159.48 | N21: 0 | O21: 24400.44 | P21: 0.13 | Q21: 4.81 | R21: 1.08
B22: ממשל צמודה 0536 | C22: 1097708 | D22: TASE | E22: RF | F22: ללא דירוג | H22: 13.51 | I22: שקל חדש | J22: 4 | K22: 0.69 | L22: 18959056 | M22: 184.79 | N22: 0 | O22: 35034.44 | P22: 0.12 | Q22: 6.91 | R22: 1.55
B23: סה"כ לא צמודות | H23: 3.52 | J23: 2.82 | K23: 0.7 | L23: 184934002 | N23: 0 | O23: 200489.61 | Q23: 39.56 | R23: 8.9
B24: ממשל שקלית 0121 | C24: 1142223 | D24: TASE | E24: RF | F24: ללא דירוג | H24: 1.58 | I24: שקל חדש | J24: 0.5 | K24: 0.35 | L24: 30690345 | M24: 100.44 | N24: 0 | O24: 30825.38 | P24: 0.2 | Q24: 6.08 | R24: 1.37
B25: ממשל שקלית 0421 | C25: 1138130 | D25: TASE | E25: RF | F25: ללא דירוג | H25: 1.82 | I25: שקל חדש | J25: 1 | K25: 0.37 | L25: 16400000 | M25: 101.31 | N25: 0 | O25: 16614.84 | P25: 0.11 | Q25: 3.28 | R25: 0.74
B26: ממשל שקלית 0928 | C26: 1150879 | D26: TASE | E26: RF | F26: ללא דירוג | H26: 8.35 | I26: שקל חדש | J26: 2.25 | K26: 1.6 | L26: 5859689 | M26: 107.2 | N26: 0 | O26: 6281.59 | P26: 0.05 | Q26: 1.24 | R26: 0.28
B27: ממשל משתנה 1121 | C27: 1127646 | D27: TASE | E27: RF | F27: ללא דירוג | H27: 2.41 | I27: שקל חדש | J27: 0.35 | K27: 0.4 | L27: 12899680 | M27: 99.91 | N27: 0 | O27: 12888.07 | P27: 0.09 | Q27: 2.54 | R27: 0.57
B28: ממשל משתנה 0520 | C28: 1116193 | D28: TASE | E28: RF | F28: ללא דירוג | H28: 0.92 | I28: שקל חדש | J28: 0.35 | K28: 0.38 | L28: 15324064 | M28: 100 | N28: 0 | O28: 15324.06 | P28: 0.08 | Q28: 3.02 | R28: 0.68
B29: ממשל שקלית 0120 | C29: 1115773 | D29: TASE | E29: RF | F29: ללא דירוג | H29: 0.59 | I29: שקל חדש | J29: 5 | K29: 0.28 | L29: 14439257 | M29: 104.83 | N29: 0 | O29: 15136.67 | P29: 0.08 | Q29: 2.99 | R29: 0.67
B30: ממשל שקלית 0825 | C30: 1135557 | D30: TASE | E30: RF | F30: ללא דירוג | H30: 5.83 | I30: שקל חדש | J30: 1.75 | K30: 1.13 | L30: 16356210 | M30: 105.12 | N30: 0 | O30: 17193.65 | P30: 0.09 | Q30: 3.39 | R30: 0.76
B31: ממשל שקלית 0323 | C31: 1126747 | D31: TASE | E31: RF | F31: ללא דירוג | H31: 3.53 | I31: שקל חדש | J31: 4.25 | K31: 0.7 | L31: 8820000 | M31: 114.16 | N31: 0 | O31: 10068.91 | P31: 0.05 | Q31: 1.99 | R31: 0.45
B32: ממשל שקלית 0324 | C32: 1130848 | D32: TASE | E32: RF | F32: ללא דירוג | H32: 4.43 | I32: שקל חדש | J32: 3.75 | K32: 0.88 | L32: 28595432 | M32: 114.26 | N32: 0 | O32: 32673.14 | P32: 0.18 | Q32: 6.45 | R32: 1.45
B33: ממשל שקלית 0122 | C33: 1123272 | D33: TASE | E33: RF | F33: ללא דירוג | H33: 2.45 | I33: שקל חדש | J33: 5.5 | K33: 0.51 | L33: 28588879 | M33: 115.06 | N33: 0 | O33: 32894.36 | P33: 0.16 | Q33: 6.49 | R33: 1.46
B34: ממשל שקלית 0142 | C34: 1125400 | D34: TASE | E34: RF | F34: ללא דירוג | H34: 14.98 | I34: שקל חדש | J34: 5.5 | K34: 2.56 | L34: 6960446 | M34: 152.13 | N34: 0 | O34: 10588.93 | P34: 0.04 | Q34: 2.09 | R34: 0.47
B35: סה"כ צמודות לדולר | H35: 0 | J35: 0 | K35: 0 | L35: 0 | N35: 0 | O35: 0 | Q35: 0 | R35: 0
B36: סה"כ בחו"ל | H36: 0.42 | J36: 0 | K36: 2.05 | L36: 1450000 | N36: 0 | O36: 5125.43 | Q36: 1.01 | R36: 0.23
B37: סה"כ אג"ח של ממשלת ישראל שהונפקו בחו"ל | H37: 0 | J37: 0 | K37: 0 | L37: 0 | N37: 0 | O37: 0 | Q37: 0 | R37: 0
B38: סה"כ אג"ח שהנפיקו ממשלות זרות בחו"ל | H38: 0.42 | J38: 0 | K38: 2.05 | L38: 1450000 | N38: 0 | O38: 5125.43 | Q38: 1.01 | R38: 0.23
B39: B ZCP 12/19 | C39: US912796RN16 | D39: AMEX | E39: ללא דירוג | F39: ללא דירוג | H39: 0.42 | I39: דולר אמריקאי | J39: 0 | K39: 2.05 | L39: 1450000 | M39: 99.12 | N39: 0 | O39: 5125.43 | P39: 0.01 | Q39: 1.01 | R39: 0.23 | S39: 71753271
B40: * בעל ענין/צד קשור
B41: ** בהתאם לשיטה שיושמה בדוח הכספי
A42: 12:57:06 | B42: 2019-07-22
A43: סוף טבלה

Sheet תעודות חוב מסחריות
A1: תחילת טבלה
B2: תאריך הדיווח | C2: 30.06.2019
B3: החברה המדווחת | C3: רעות חברה לניהול קופות גמל בע"מ
B4: שם מסלול/קרן/קופה | C4: רעות כללי
B5: מספר מסלול/קרן/קופה | C5: 392
B6: 1. ב. ניירות ערך סחירים
B7: 2. תעודות חוב מסחריות
B8: שם המנפיק/שם נייר ערך | C8: מספר ני"ע | D8: זירת מסחר | E8: ספק המידע | F8: מספר מנפיק | G8: ענף מסחר | H8: דירוג | I8: שם מדרג | J8: תאריך רכישה | K8: מח"מ | L8: סוג מטבע | M8: שיעור ריבית | N8: תשואה לפדיון | O8: ערך נקוב | P8: שער | Q8: פדיון/ריבית לקבל | R8: שווי שוק | S8: שעור מערך נקוב מונפק | T8: שעור מנכסי אפיק ההשקעה | U8: שעור מסך נכסי השקעה**
K9: שנים | M9: אחוזים | N9: אחוזים | O9: ש"ח | P9: אגורות | Q9: אלפי ש"ח | R9: אלפי ש"ח | S9: אחוזים | T9: אחוזים | U9: אחוזים
C10: (1) | D10: (2) | E10: (3) | F10: (4) | G10: (5) | H10: (6) | I10: (7) | J10: (8) | K10: (9) | L10: (10) | M10: (11) | N10: (12) | O10: (13) | P10: (14) | Q10: (15) | R10: (16) | S10: (17) | T10: (18) | U10: (19)
B11: סה"כ תעודות חוב מסחריות | K11: 0 | M11: 0 | N11: 0 | O11: 0 | Q11: 0 | R11: 0 | T11: 0 | U11: 0
B12: סה"כ בישראל | K12: 0 | M12: 0 | N12: 0 | O12: 0 | Q12: 0 | R12: 0 | T12: 0 | U12: 0
B13: סה"כ צמודות | K13: 0 | M13: 0 | N13: 0 | O13: 0 | Q13: 0 | R13: 0 | T13: 0 | U13: 0
B14: סה"כ לא צמודות | K14: 0 | M14: 0 | N14: 0 | O14: 0 | Q14: 0 | R14: 0 | T14: 0 | U14: 0
B15: סה"כ צמודות למט"ח | K15: 0 | M15: 0 | N15: 0 | O15: 0 | Q15: 0 | R15: 0 | T15: 0 | U15: 0
B16: סה"כ חברות זרות בחו"ל | K16: 0 | M16: 0 | N16: 0 | O16: 0 | Q16: 0 | R16: 0 | T16: 0 | U16: 0
B17: סה"כ חברות ישראליות בחו"ל | K17: 0 | M17: 0 | N17: 0 | O17: 0 | Q17: 0 | R17: 0 | T17: 0 | U17: 0
B18: סה"כ בחו"ל | K18: 0 | M18: 0 | N18: 0 | O18: 0 | Q18: 0 | R18: 0 | T18: 0 | U18: 0
B19: * בעל ענין/צד קשור
B20: ** בהתאם לשיטה שיושמה בדוח הכספי
A21: 12:57:06 | B21: 2019-07-22
A22: סוף טבלה

Sheet אג"ח קונצרני
A1: תחילת טבלה
B2: תאריך הדיווח | C2: 43646
B3: החברה המדווחת | C3: רעות חברה לניהול קופות גמל בע"מ
B4: שם מסלול/קרן/קופה | C4: רעות כללי
B5: מספר מסלול/קרן/קופה | C5: 392
B6: 1. ב. ניירות ערך סחירים
B7: 3. אג"ח קונצרני
B8: שם המנפיק/שם נייר ערך | C8: מספר ני"ע | D8: זירת מסחר | E8: ספק המידע | F8: מספר מנפיק | G8: ענף מסחר | H8: דירוג | I8: שם מדרג | J8: תאריך רכישה | K8: מח"מ | L8: סוג מטבע | M8: שיעור ריבית | N8: תשואה לפדיון | O8: ערך נקוב | P8: שער | Q8: פדיון/ריבית לקבל | R8: שווי שוק | S8: שעור מערך נקוב מונפק | T8: שעור מנכסי אפיק ההשקעה | U8: שעור מסך נכסי השקעה**
J9: תאריך | K9: שנים | M9: אחוזים | N9: אחוזים | O9: יחידות | Q9: אלפי ש"ח | R9: אלפי ש"ח | S9: אחוזים | T9: אחוזים | U9: אחוזים
C10: (1) | D10: (2) | E10: (3) | F10: (4) | G10: (5) | H10: (6) | I10: (7) | J10: (8) | K10: (9) | L10: (10) | M10: (11) | N10: (12) | O10: (13) | P10: (14) | Q10: (15) | R10: (16) | S10: (17) | T10: (18) | U10: (19)
B11: סה"כ אגרות חוב קונצרניות | K11: 3.62 | M11: 3.97 | N11: 17.75 | O11: =SUM(O12,O140) -> 4.0808189e+08 | Q11: =SUM(Q12,Q140) -> 2119.16 | R11: =SUM(R12,R140) -> 498053.85 | T11: =SUM(T12,T140) -> 99.99999 | U11: =R11/'סכום נכסי הקרן'!$C$42*100 -> 22.104787
B12: סה"כ בישראל | K12: 3.5 | M12: 3.89 | N12: 19.89 | O12: =SUM(O13,O74,O133) -> 3.9087889e+08 | Q12: =SUM(Q13,Q74,Q133) -> 2119.16 | R12: =SUM(R13,R74,R133) -> 431755.33 | T12: =SUM(T13,T74,T133,T139) -> 86.688476 | U12: 19.37
B13: סה"כ צמודות | K13: 3.38 | M13: 3.74 | N13: 40.61 | O13: 1.6908917e+08 | Q13: 780.54 | R13: 198104.68 | T13: =SUM(T14:T73) -> 39.775755 | U13: 8.79
B14: לאומי אגח 179 | C14: 6040372 | D14: TASE | F14: 520018078 | G14: בנקים | H14: ilAAA | I14: מעלות S&P | K14: 5.88 | L14: שקל חדש | M14: 0.83 | N14: 0.21 | O14: 9344925 | P14: 105.26 | Q14: 0 | R14: 9836.47 | S14: 0.73 | T14: =R14/$R$11*100 -> 1.9749812 | U14: 0.44
B15: מז טפ הנפק 45 | C15: 2310217 | D15: TASE | F15: 520032046 | G15: בנקים | H15: ilAAA | I15: מעלות S&P | K15: 5.13 | L15: שקל חדש | M15: 0.86 | N15: 0.14 | O15: 2848636 | P15: 107.02 | Q15: 0 | R15: 3048.61 | S15: 0.11 | T15: =R15/$R$11*100 -> 0.61210449 | U15: 0.13
B16: פועלים הנ אגח36 | C16: 1940659 | D16: TASE | F16: 520032640 | G16: בנקים | H16: ilAAA | I16: מעלות S&P | K16: 5.72 | L16: שקל חדש | M16: 1.75 | N16: 0.22 | O16: 5637000 | P16: 110.95 | Q16: 0 | R16: 6254.25 | S16: 0.13 | T16: =R16/$R$11*100 -> 1.2557377 | U16: 0.28
B17: פועלים הנפקות אגח 32 | C17: 1940535 | D17: TASE | F17: 520032640 | G17: בנקים | H17: ilAAA | I17: מעלות S&P | K17: 2.9 | L17: שקל חדש | M17: 5 | N17: -0.3 | O17: 6665446 | P17: 124.23 | Q17: 0 | R17: 8280.48 | S17: 0.21 | T17: =R17/$R$11*100 -> 1.6625672 | U17: 0.37
B18: עזריאלי אגח ב | C18: 1134436 | D18: TASE | F18: 510960719 | G18: נדל"ן ובינוי | H18: ilAA+ | I18: מעלות S&P | K18: 3.24 | L18: שקל חדש | M18: 0.65 | N18: -0.17 | O18: 4285714.3 | P18: 104.36 | Q18: 0 | R18: 4472.57 | S18: 0.47 | T18: =R18/$R$11*100 -> 0.89800932 | U18: 0.2
B19: ריט 1 אגח ג | C19: 1120021 | D19: TASE | F19: 513821488 | G19: נדל"ן ובינוי | H19: ilAA | I19: מעלות S&P | K19: 0.91 | L19: שקל חדש | M19: 3.9 | N19: 0.1 | O19: 1453371.4 | P19: 114.21 | Q19: 0 | R19: 1659.9 | S19: 1.32 | T19: =R19/$R$11*100 -> 0.33327721 | U19: 0.07
B20: ריט 1 אגח ד | C20: 1129899 | D20: TASE | F20: 513821488 | G20: נדל"ן ובינוי | H20: ilAA | I20: מעלות S&P | K20: 3.43 | L20: שקל חדש | M20: 4 | N20: -0.03 | O20: 451343.35 | P20: 117.25 | Q20: 0 | R20: 529.2 | S20: 0.07 | T20: =R20/$R$11*100 -> 0.10625357 | U20: 0.02
B21: אמות אגח ב | C21: 1126630 | D21: TASE | F21: 520026683 | G21: נדל"ן ובינוי | H21: ilAA | I21: מעלות S&P | K21: 1.98 | L21: שקל חדש | M21: 4.8 | N21: -0.3 | O21: 1530000 | P21: 114.14 | Q21: 260.46 | R21: 2006.8 | S21: 0.12 | T21: =R21/$R$11*100 -> 0.40292832 | U21: 0.09
B22: אמות אגח ג | C22: 1117357 | D22: TASE | F22: 520026683 | G22: נדל"ן ובינוי | H22: ilAA | I22: מעלות S&P | K22: 0.99 | L22: שקל חדש | M22: 4.9 | N22: -0.14 | O22: 803294.79 | P22: 118.18 | Q22: 0 | R22: 949.33 | S22: 0.4 | T22: =R22/$R$11*100 -> 0.1906079 | U22: 0.04
B23: דיסקונט מנפיקים הת ב | C23: 7480023 | D23: TASE | F23: 520029935 | G23: בנקים | H23: ilAA | I23: מעלות S&P | K23: 0.42 | L23: שקל חדש | M23: 5.25 | N23: -0.02 | O23: 583994.5 | P23: 132.02 | Q23: 0 | R23: 770.99 | S23: 0.49 | T23: =R23/$R$11*100 -> 0.15480053 | U23: 0.03
B24: דקסיה הנ אגח י | C24: 1134147 | D24: TASE | F24: 513704304 | G24: בנקים | H24: ilAA | I24: מעלות S&P | K24: 5.44 | L24: שקל חדש | M24: 1.5 | N24: 0.17 | O24: 2494240 | P24: 109.59 | Q24: 0 | R24: 2733.44 | S24: 0.49 | T24: =R24/$R$11*100 -> 0.54882419 | U24: 0.12
B25: דקסיה ישראל הנפקות אגח ז | C25: 1119825 | D25: TASE | F25: 513704304 | G25: בנקים | H25: ilAA | I25: מעלות S&P | K25: 2.03 | L25: שקל חדש | M25: 3.55 | N25: -0.34 | O25: 166667.08 | P25: 122.02 | Q25: 0 | R25: 203.37 | S25: 0.05 | T25: =R25/$R$11*100 -> 0.040832934 | U25: 0.01
... B73: אינטרנט זהב אגח ד | C73: 1131614 | D73: TASE | F73: 520044264 | G73: תקשורת ומדיה | H73: C.il | I73: מידרוג | K73: 3.21 | L73: שקל חדש | M73: 6 | N73: 141.96 | O73: 0.6 | P73: 35.4 | Q73: 0 | R73: 0 | S73: 0 | T73: =R73/$R$11*100 -> 0 | U73: 0
B74: סה"כ לא צמודות | K74: 3.55 | M74: 3.91 | N74: 2.38 | O74: 2.0744806e+08 | Q74: 1338.62 | R74: 219455.05 | T74: =SUM(T75:T132) -> 44.062506 | U74: 9.74
B75: מזרחי טפחות הנפקות 41 | C75: 2310175 | D75: TASE | F75: 520032046 | G75: בנקים | H75: ilAAA | I75: מעלות S&P | K75: 2.87 | L75: שקל חדש | M75: 2.47 | N75: 1.09 | O75: 4050000 | P75: 104.12 | Q75: 0 | R75: 4216.86 | S75: 0.12 | T75: =R75/$R$11*100 -> 0.84666748 | U75: 0.19
B76: מזרחי טפחות הנפקות 40 | C76: 2310167 | D76: TASE | F76: 520032046 | G76: בנקים | H76: ilAAA | I76: מעלות S&P | K76: 5.54 | L76: שקל חדש | M76: 2.98 | N76: 1.66 | O76: 5701191 | P76: 107.61 | Q76: 0 | R76: 6135.05 | S76: 0.22 | T76: =R76/$R$11*100 -> 1.2318046 | U76: 0.27
B77: פניקס הון אגח ד | C77: 1133529 | D77: TASE | F77: 514290345 | G77: ביטוח | H77: Aa2.il | I77: מידרוג | K77: 4.21 | L77: שקל חדש | M77: 3.85 | N77: 1.63 | O77: 2 | P77: 111.38 | Q77: 0 | R77: 0 | S77: 0 | T77: =R77/$R$11*100 -> 0 | U77: 0
B78: וילאר אגח ח | C78: 4160156 | D78: TASE | F78: 520038910 | G78: נדל"ן ובינוי | H78: ilAA | I78: מעלות S&P | K78: 4.45 | L78: שקל חדש | M78: 2.55 | N78: 1.74 | O78: 1062000 | P78: 103.66 | Q78: 0 | R78: 1100.87 | S78: 0.47 | T78: =R78/$R$11*100 -> 0.22103433 | U78: 0.05
B79: וילאר אגח ז | C79: 4160149 | D79: TASE | F79: 520038910 | G79: נדל"ן ובינוי | H79: ilAA | I79: מעלות S&P | K79: 2.41 | L79: שקל חדש | M79: 4.6 | N79: 1.27 | O79: 9954104 | P79: 108.15 | Q79: 0 | R79: 10765.36 | S79: 3.87 | T79: =R79/$R$11*100 -> 2.1614851 | U79: 0.48
B80: חברת חשמל אגח 26 | C80: 6000202 | D80: TASE | F80: 520000472 | G80: אנרגיה | H80: Aa2.il | I80: מידרוג | K80: 2.98 | L80: שקל חדש | M80: 4.8 | N80: 1.24 | O80: 0.87 | P80: 112.08 | Q80: 0 | R80: 0 | S80: 0 | T80: =R80/$R$11*100 -> 0 | U80: 0
B81: כיל אגח ה | C81: 2810299 | D81: TASE | F81: 520027830 | G81: כימיה גומי ופלסטיק | H81: ilAA | I81: מעלות S&P | K81: 3.13 | L81: שקל חדש | M81: 2.45 | N81: 1.34 | O81: 1723461 | P81: 104.15 | Q81: 0 | R81: 1794.98 | S81: 0.11 | T81: =R81/$R$11*100 -> 0.36039878 | U81: 0.08
B82: מגדל הון אגח ד | C82: 1137033 | D82: TASE | F82: 513230029 | G82: ביטוח | H82: Aa2.il | I82: מידרוג | K82: 3.57 | L82: שקל חדש | M82: 3.39 | N82: 1.51 | O82: 259097 | P82: 107.66 | Q82: 0 | R82: 278.94 | S82: 0.04 | T82: =R82/$R$11*100 -> 0.056005992 | U82: 0.01
B83: נפטא אגח ח | C83: 6430169 | D83: TASE | F83: 520020942 | G83: חיפושי נפט וגז | H83: ilAA | I83: מעלות S&P | K83: 2.37 | L83: שקל חדש | M83: 2.36 | N83: 1.2 | O83: 2163000 | P83: 103.93 | Q83: 0 | R83: 2248.01 | S83: 0.51 | T83: =R83/$R$11*100 -> 0.45135882 | U83: 0.1
B84: סילברסטין אגח א | C84: 1145598 | D84: TASE | F84: 1737 | G84: נדל"ן ובינוי | H84: ilAA | I84: מעלות S&P | K84: 3.77 | L84: שקל חדש | M84: 3.38 | N84: 3.08 | O84: 2308000 | P84: 101.2 | Q84: 0 | R84: 2335.7 | S84: 0.28 | T84: =R84/$R$11*100 -> 0.46896535 | U84: 0.1
B85: שופרסל אגח ה | C85: 7770209 | D85: TASE | F85: 520022732 | G85: מסחר | H85: ilAA | I85: מעלות S&P | K85: 4.7 | L85: שקל חדש | M85: 5.09 | N85: 1.88 | O85: 6216550.5 | P85: 119.41 | Q85: 0 | R85: 7423.18 | S85: 0.55 | T85: =R85/$R$11*100 -> 1.4904372 | U85: 0.33
B86: אלקו החז אגח יא | C86: 6940167 | D86: TASE | F86: 520025370 | G86: השקעות ואחזקות | H86: ilAA- | I86: מעלות S&P | K86: 2.4 | L86: שקל חדש | M86: 5.1 | N86: 1.48 | O86: 4770263.2 | P86: 108.81 | Q86: 0 | R86: 5190.52 | S86: 2.25 | T86: =R86/$R$11*100 -> 1.0421604 | U86: 0.23
... B132: צור אגח ח | C132: 7300148 | D132: TASE | F132: 520025586 | G132: השקעות ואחזקות | H132: ללא דירוג | I132: ללא דירוג | K132: 1.05 | L132: שקל חדש | M132: 6.35 | N132: 1.49 | O132: 2380272 | P132: 107.63 | Q132: 0 | R132: 2561.89 | S132: 0.85 | T132: =R132/$R$11*100 -> 0.51438012 | U132: 0.11
B133: סה"כ צמודות למט"ח | K133: 4.14 | M133: 5.3 | N133: 6.11 | O133: =SUM(O134:O138) -> 14341665 | Q133: =SUM(Q134:Q138) -> 0 | R133: =SUM(R134:R138) -> 14195.6 | T133: =SUM(T134:T138) -> 2.8502139 | U133: 0.84
B134: שמוס אגח א | C134: 1155951 | D134: TASE | F134: 1742 | G134: נדל"ן ובינוי | H134: Aa3.il | I134: מידרוג | K134: 5.92 | L134: שקל חדש | M134: 4.3 | N134: 4.35 | O134: 5400000 | P134: 95.2 | Q134: 0 | R134: 5140.8 | S134: 0.36 | T134: =R134/$R$11*100 -> 1.0321775 | U134: 0.23
B135: אבגול אגח ד | C135: 1140417 | D135: TASE | F135: 510119068 | G135: עץ נייר ודפוס | H135: ilA+ | I135: מעלות S&P | K135: 4.14 | L135: שקל חדש | M135: 3.9 | N135: 3.82 | O135: 2203000 | P135: 97.98 | Q135: 0 | R135: 2158.5 | S135: 1.12 | T135: =R135/$R$11*100 -> 0.43338687 | U135: 0.1
B136: תמר פטרו אגח ב | C136: 1143593 | D136: TASE | F136: 515334662 | G136: חיפושי נפט וגז | H136: A1.il | I136: מידרוג | K136: 5.22 | L136: שקל חדש | M136: 4.69 | N136: 6.46 | O136: 3307664.9 | P136: 96.06 | Q136: 0 | R136: 3177.34 | S136: 0.18 | T136: =R136/$R$11*100 -> 0.6379511 | U136: 0.14
B137: נויטס ממון אגחא | C137: 1141365 | D137: TASE | F137: 515643484 | G137: חיפושי נפט וגז | H137: ilA- | I137: מעלות S&P | K137: 1.89 | L137: שקל חדש | M137: 7.75 | N137: 5.26 | O137: 298497 | P137: 105.17 | Q137: 0 | R137: 313.93 | S137: 0.2 | T137: =R137/$R$11*100 -> 0.063031337 | U137: 0.01
B138: נויטס ממון אגחב | C138: 1141373 | D138: TASE | F138: 515643484 | G138: חיפושי נפט וגז | H138: ilA- | I138: מעלות S&P | K138: 1.91 | L138: שקל חדש | M138: 7.75 | N138: 5.2 | O138: 3132503 | P138: 108.7 | Q138: 0 | R138: 3405.03 | S138: 0.55 | T138: =R138/$R$11*100 -> 0.68366704 | U138: 0.15
B139: סה"כ צמודות למדד אחר | K139: 0 | M139: 0 | N139: 0 | O139: 0 | Q139: 0 | R139: 0 | T139: 0 | U139: 0
B140: סה"כ בחו"ל | K140: 4.44 | M140: 4.49 | N140: 3.63 | O140: 17203000 | Q140: 0 | R140: 66298.52 | T140: =T142 -> 13.311514 | U140: 2.94
B141: סה"כ חברות ישראליות בחו"ל | K141: 0 | M141: 0 | N141: 0 | O141: 0 | Q141: 0 | R141: 0 | T141: 0 | U141: 0
B142: סה"כ חברות זרות בחו"ל | K142: 4.44 | M142: 4.49 | N142: 3.63 | O142: 17203000 | Q142: 0 | R142: 66298.52 | T142: =SUM(T143:T155) -> 13.311514 | U142: 2.94
B143: SPGI 4.4% 02/26 | C143: US78409VAK08 | D143: AMEX | E143: בלומברג | F143: 97974 | G143: Diversified Financials | H143: A3 | I143: MOODYS | K143: 5.51 | L143: דולר אמריקאי | M143: 4.4 | N143: 2.56 | O143: 2000000 | P143: 112.79 | Q143: 0 | R143: 8044.29 | S143: 0 | T143: =R143/$R$11*100 -> 1.6151446 | U143: 0.36 | V143: 71439269
B144: SUMILF 6.5% 09/73 | C144: USJ77549AA18 | D144: SGX | E144: בלומברג | F144: 97860 | G144: Insurance | H144: A- | I144: S&P | K144: 3.65 | L144: דולר אמריקאי | M144: 6.5 | N144: 6.01 | O144: 540000 | P144: 113.39 | Q144: 0 | R144: 2183.53 | S144: 0 | T144: =R144/$R$11*100 -> 0.43841243 | U144: 0.1 | V144: 71363816
B145: BAC 4.2% 08/24 | C145: US06051GFH74 | D145: AMEX | E145: בלומברג | F145: 99204 | G145: Banks | H145: BBB+ | I145: S&P | K145: 4.56 | L145: דולר אמריקאי | M145: 4.2 | N145: 2.87 | O145: 2000000 | P145: 107.72 | Q145: 0 | R145: 7682.45 | S145: 0 | T145: =R145/$R$11*100 -> 1.5424938 | U145: 0.34 | V145: 71330658
B146: SRENVX VAR 08/52 | C146: XS1423777215 | D146: אחר | E146: בלומברג | F146: 91522 | G146: Insurance | H146: BBB+ | I146: S&P | K146: 6.21 | L146: דולר אמריקאי | M146: 5.62 | N146: 5.49 | O146: 1800000 | P146: 112.26 | Q146: 0 | R146: 7205.88 | S146: 0 | T146: =R146/$R$11*100 -> 1.4468074 | U146: 0.32 | V146: 71402515
B147: GS 4% 03/24 | C147: US38141GVM31 | D147: AMEX | E147: בלומברג | F147: 99375 | G147: Diversified Financials | H147: BBB+ | I147: S&P | K147: 4.2 | L147: דולר אמריקאי | M147: 4 | N147: 2.59 | O147: 1012000 | P147: 107.47 | Q147: 0 | R147: 3878.41 | S147: 0 | T147: =R147/$R$11*100 -> 0.77871298 | U147: 0.17 | V147: 71317879
B148: DLPH 4.25% 01/26 | C148: US03835VAD82 | D148: DAX | E148: בלומברג | F148: 93009 | G148: Automobiles & Components | H148: BBB | I148: S&P | K148: 5.41 | L148: דולר אמריקאי | M148: 4.25 | N148: 3.35 | O148: 2000000 | P148: 107.24 | Q148: 0 | R148: 7648.39 | S148: 0 | T148: =R148/$R$11*100 -> 1.5356552 | U148: 0.34 | V148: 71435309
B149: NASDAQ4.25%6/24 | C149: US631103AF50 | D149: NYSE | E149: בלומברג | F149: 98311 | G149: Diversified Financials | H149: BBB | I149: S&P | K149: 4.22 | L149: דולר אמריקאי | M149: 4.25 | N149: 2.69 | O149: 1250000 | P149: 107.27 | Q149: 0 | R149: 4781.56 | S149: 0 | T149: =R149/$R$11*100 -> 0.9600488 | U149: 0.21 | V149: 71324263
B150: MEXCAT 4.25% 10/26 | C150: USP6629MAA01 | D150: SGX | E150: בלומברג | F150: 93028 | G150: Transportation | H150: Baa3 | I150: MOODYS | K150: 6.19 | L150: דולר אמריקאי | M150: 4.25 | N150: 4.27 | O150: 320999.98 | P150: 100.64 | Q150: 0 | R150: 1152.01 | S150: 0 | T150: =R150/$R$11*100 -> 0.2313023 | U150: 0.05 | V150: 71410393
B151: PEMEX 4.875% 01/22 | C151: US71654QBB77 | D151: AMEX | E151: בלומברג | F151: 97361 | G151: Energy | H151: Baa3 | I151: MOODYS | K151: 2.32 | L151: דולר אמריקאי | M151: 4.87 | N151: 5.03 | O151: 1800000 | P151: 101.77 | Q151: 0 | R151: 6532.32 | S151: 0 | T151: =R151/$R$11*100 -> 1.311569 | U151: 0.29 | V151: 71283287
B152: EXPE 4.5% 08/24 | C152: US30212PAJ49 | D152: AMEX | E152: בלומברג | F152: 97236 | G152: Retailing | H152: Ba1 | I152: MOODYS | K152: 4.3 | L152: דולר אמריקאי | M152: 4.5 | N152: 3.14 | O152: 2674000 | P152: 108.11 | Q152: 0 | R152: 10308.76 | S152: 0 | T152: =R152/$R$11*100 -> 2.0698083 | U152: 0.46 | V152: 71330005
B153: VOD VAR 10/78 | C153: XS1888180640 | D153: LSE | E153: בלומברג | F153: 99121 | G153: Telecommunication Services | H153: Ba1 | I153: MOODYS | K153: 4.23 | L153: דולר אמריקאי | M153: 0 | N153: 4.97 | O153: 592000 | P153: 108.34 | Q153: 0 | R153: 2287.22 | S153: 0.05 | T153: =R153/$R$11*100 -> 0.45923147 | U153: 0.1 | V153: 71674105
B154: LIMITED BRANDS5.625%2/22 | C154: US532716AU19 | D154: NYSE | E154: בלומברג | F154: 98492 | G154: Retailing | H154: BB | I154: S&P | K154: 2.38 | L154: דולר אמריקאי | M154: 5 | N154: 3.69 | O154: 664000 | P154: 106.93 | Q154: 0 | R154: 2531.93 | S154: 0 | T154: =R154/$R$11*100 -> 0.50836471 | U154: 0.11 | V154: 71304364
B155: BVMFBZ5.5%7/20 | C155: USP1728MAA10 | D155: אחר | E155: בלומברג | F155: 98481 | G155: Diversified Financials | H155: BB- | I155: S&P | K155: 0.98 | L155: דולר אמריקאי | M155: 5.5 | N155: 2.95 | O155: 550000 | P155: 105.12 | Q155: 0 | R155: 2061.76 | S155: 0 | T155: =R155/$R$11*100 -> 0.41396327 | U155: 0.09 | V155: 71235840
B156: * בעל ענין/צד קשור
B157: ** בהתאם לשיטה שיושמה בדוח הכספי
A158: 12:57:06 | B158: 2019-07-22
A159: סוף טבלה

Sheet מניות
A1: תחילת טבלה
B2: תאריך הדיווח | C2: 43646
B3: החברה המדווחת | C3: רעות חברה לניהול קופות גמל בע"מ
B4: שם מסלול/קרן/קופה | C4: רעות כללי
B5: מספר מסלול/קרן/קופה | C5: 392
B6: 1. ב. ניירות ערך סחירים
B7: .4 מניות
B8: שם המנפיק/שם נייר ערך | C8: מספר ני"ע | D8: זירת מסחר | E8: ספק המידע | F8: מספר מנפיק | G8: ענף מסחר | H8: סוג מטבע | I8: ערך נקוב | J8: שער | K8: דיבידנד לקבל | L8: שווי שוק | M8: שעור מערך נקוב מונפק | N8: שעור מנכסי אפיק ההשקעה | O8: שעור מסך נכסי השקעה**
I9: ש"ח | J9: אגורות | K9: אלפי ש"ח | L9: אלפי ש"ח | M9: אחוזים | N9: אחוזים | O9: אחוזים
C10: (1) | D10: (2) | E10: (3) | F10: (4) | G10: (5) | H10: (6) | I10: (7) | J10: (8) | K10: (9) | L10: (10) | M10: (11) | N10: (12) | O10: (13)
B11: סה"כ מניות | I11: =SUM(I12,I129) -> 33953091 | K11: =SUM(K12,K129) -> 124.18 | L11: =SUM(L12,L129) -> 480939.42 | N11: =SUM(N12,N129) -> 100 | O11: =L11/'סכום נכסי הקרן'!$C$42*100 -> 21.345209
B12: סה"כ בישראל | I12: 31961289 | K12: 1.52 | L12: 342197.95 | N12: =SUM(N13,N45,N96,N126) -> 71.151988 | O12: 15.19
B13: סה"כ תל אביב 35 | I13: 17902849 | K13: 0 | L13: 230091.38 | N13: =SUM(N14:N44) -> 47.842071 | O13: 10.21
B14: אלביט מערכות | C14: 1081124 | D14: TASE | F14: 520043027 | G14: ביטחוניות | H14: שקל חדש | I14: 15371.87 | J14: 53780 | K14: 0 | L14: 8266.99 | M14: 0.03 | N14: =L14/$L$11*100 -> 1.7189254 | O14: 0.37
B15: טאואר סמיקונדקטור | C15: 1082379 | D15: TASE | F15: 520041997 | G15: מוליכים למחצה | H15: שקל חדש | I15: 33059.96 | J15: 5749 | K15: 0 | L15: 1900.62 | M15: 0.03 | N15: =L15/$L$11*100 -> 0.39518907 | O15: 0.08
B16: אורמת טכנו | C16: 1134402 | D16: TASE | F16: 880326081 | G16: קלינטק | H16: שקל חדש | I16: 25470.14 | J16: 22840 | K16: 0 | L16: 5817.38 | M16: 0.05 | N16: =L16/$L$11*100 -> 1.2095869 | O16: 0.26
B17: נייס מערכות | C17: 273011 | D17: TASE | F17: 520036872 | G17: תוכנה ואינטרנט | H17: שקל חדש | I17: 35334 | J17: 49460 | K17: 0 | L17: 17476.2 | M17: 0.06 | N17: =L17/$L$11*100 -> 3.6337633 | O17: 0.78
B18: בתי זיקוק לנפט (בזן) | C18: 2590248 | D18: TASE | F18: 520036658 | G18: אנרגיה | H18: שקל חדש | I18: 1558780 | J18: 183 | K18: 0 | L18: 2852.57 | M18: 0.05 | N18: =L18/$L$11*100 -> 0.5931246 | O18: 0.13
B19: פז נפט | C19: 1100007 | D19: TASE | F19: 510216054 | G19: אנרגיה | H19: שקל חדש | I19: 17338 | J19: 50300 | K19: 0 | L19: 8721.01 | M19: 0.17 | N19: =L19/$L$11*100 -> 1.8133282 | O19: 0.39
B20: טבע | C20: 629014 | D20: TASE | F20: 520013954 | G20: פארמה | H20: שקל חדש | I20: 76914.92 | J20: 3394 | K20: 0 | L20: 2610.49 | M20: 0.01 | N20: =L20/$L$11*100 -> 0.54278978 | O20: 0.12
B21: פריגו | C21: 1130699 | D21: TASE | F21: 529592 | G21: פארמה | H21: שקל חדש | I21: 33617 | J21: 17190 | K21: 0 | L21: 5778.76 | M21: 0.02 | N21: =L21/$L$11*100 -> 1.2015567 | O21: 0.26
B22: הבנק הבינלאומי | C22: 593038 | D22: TASE | F22: 520029083 | G22: בנקים | H22: שקל חדש | I22: 57104 | J22: 8960 | K22: 0 | L22: 5116.52 | M22: 0.06 | N22: =L22/$L$11*100 -> 1.0638596 | O22: 0.23
B23: דיסקונט | C23: 691212 | D23: TASE | F23: 520007030 | G23: בנקים | H23: שקל חדש | I23: 1032053 | J23: 1457 | K23: 0 | L23: 15037.01 | M23: 0.09 | N23: =L23/$L$11*100 -> 3.1265913 | O23: 0.67
B24: לאומי | C24: 604611 | D24: TASE | F24: 520018078 | G24: בנקים | H24: שקל חדש | I24: 1261475 | J24: 2530 | K24: 0 | L24: 31915.32 | M24: 0.08 | N24: =L24/$L$11*100 -> 6.6360374 | O24: 1.42
B25: מזרחי טפחות | C25: 695437 | D25: TASE | F25: 520000522 | G25: בנקים | H25: שקל חדש | I25: 63535.64 | J25: 8200 | K25: 0 | L25: 5209.92 | M25: 0.03 | N25: =L25/$L$11*100 -> 1.0832799 | O25: 0.23
... B44: ישראמקו יהש | C44: 232017 | D44: TASE | F44: 550010003 | G44: חיפושי נפט וגז | H44: שקל חדש | I44: 6866351 | J44: 75.9 | K44: 0 | L44: 5211.56 | M44: 0.13 | N44: =L44/$L$11*100 -> 1.0836209 | O44: 0.23
B45: סה"כ תל אביב 90 | I45: 7957539 | K45: 0 | L45: 92002 | N45: =SUM(N46:N95) -> 19.129646 | O45: 4.08
B46: ישראכרט | C46: 1157403 | D46: TASE | F46: 1773 | G46: שירותים פיננסיים | H46: שקל חדש | I46: 216000 | J46: 1217 | K46: 0 | L46: 2628.72 | M46: 0.11 | N46: =L46/$L$11*100 -> 0.54658027 | O46: 0.12
B47: מיטרוניקס | C47: 1091065 | D47: TASE | F47: 511527202 | G47: אלקטרוניקה ואופטיקה | H47: שקל חדש | I47: 126045.02 | J47: 2500 | K47: 0 | L47: 3151.13 | M47: 0.12 | N47: =L47/$L$11*100 -> 0.6552031 | O47: 0.14
B48: . אנלייט אנרגיה מתחדשת בעמ | C48: 720011 | D48: TASE | F48: 520041146 | G48: קלינטק | H48: שקל חדש | I48: 459321 | J48: 283.6 | K48: 0 | L48: 1302.63 | M48: 0.07 | N48: =L48/$L$11*100 -> 0.27085116 | O48: 0.06
B49: חילן טק מ"ר 1 | C49: 1084698 | D49: TASE | F49: 520039942 | G49: שירותי מידע | H49: שקל חדש | I49: 6500 | J49: 11620 | K49: 0 | L49: 755.3 | M49: 0.03 | N49: =L49/$L$11*100 -> 0.15704681 | O49: 0.03
B50: מטריקס | C50: 445015 | D50: TASE | F50: 520039413 | G50: שירותי מידע | H50: שקל חדש | I50: 32109 | J50: 5282 | K50: 0 | L50: 1696 | M50: 0.05 | N50: =L50/$L$11*100 -> 0.35264317 | O50: 0.07
B51: 1 .פורמולה מ.ר | C51: 256016 | D51: TASE | F51: 520036690 | G51: שירותי מידע | H51: שקל חדש | I51: 10308 | J51: 18390 | K51: 0 | L51: 1895.64 | M51: 0.07 | N51: =L51/$L$11*100 -> 0.39415359 | O51: 0.08
B52: ארקו החזקות מר 1 | C52: 310011 | D52: TASE | F52: 520037367 | G52: אנרגיה | H52: שקל חדש | I52: 972526 | J52: 144.7 | K52: 0 | L52: 1407.24 | M52: 0.13 | N52: =L52/$L$11*100 -> 0.29260234 | O52: 0.06
B53: מוניציפל בנק | C53: 711010 | D53: TASE | F53: 520019753 | G53: בנקים | H53: שקל חדש | I53: 1979 | J53: 74480 | K53: 0 | L53: 1473.96 | M53: 0.22 | N53: =L53/$L$11*100 -> 0.30647519 | O53: 0.06
B54: 0.05 .פי.בי | C54: 763011 | D54: TASE | F54: 520029026 | G54: בנקים | H54: שקל חדש | I54: 24558 | J54: 10460 | K54: 0 | L54: 2568.77 | M54: 0.07 | N54: =L54/$L$11*100 -> 0.53411509 | O54: 0.11
B55: כלל עיסקי ביטוח | C55: 224014 | D55: TASE | F55: 520036120 | G55: ביטוח | H55: שקל חדש | I55: 46466.38 | J55: 6080 | K55: 0 | L55: 2825.16 | M55: 0.08 | N55: =L55/$L$11*100 -> 0.58742534 | O55: 0.12
B56: מגדל | C56: 1081165 | D56: TASE | F56: 520029984 | G56: ביטוח | H56: שקל חדש | I56: 0.34 | J56: 403.5 | K56: 0 | L56: 0 | M56: 0 | N56: =L56/$L$11*100 -> 0 | O56: 0
B57: מנורה מב החז | C57: 566018 | D57: TASE | F57: 520007469 | G57: ביטוח | H57: שקל חדש | I57: 34976 | J57: 5655 | K57: 0 | L57: 1977.89 | M57: 0.05 | N57: =L57/$L$11*100 -> 0.41125554 | O57: 0.09
... B95: איידיאיי ביטוח | C95: 1129501 | D95: TASE | F95: 513910703 | G95: ביטוח | H95: שקל חדש | I95: 20988 | J95: 14220 | K95: 0 | L95: 2984.49 | M95: 0.14 | N95: =L95/$L$11*100 -> 0.62055425 | O95: 0.13
B96: סה"כ מניות היתר | I96: 6100901.8 | K96: 1.52 | L96: 20104.56 | N96: =SUM(N97:N125) -> 4.1802708 | O96: 0.89
B97: מגוריט | C97: 1139195 | D97: TASE | F97: 1668 | G97: נדל"ן ובינוי | H97: שקל חדש | I97: 660937 | J97: 89.2 | K97: 0 | L97: 589.56 | M97: 0.19 | N97: =L97/$L$11*100 -> 0.12258509 | O97: 0.03
B98: פרשמרקט | C98: 1157833 | D98: TASE | F98: 1752 | G98: אחר | H98: שקל חדש | I98: 62000 | J98: 757.3 | K98: 0 | L98: 469.53 | M98: 0.04 | N98: =L98/$L$11*100 -> 0.09762768 | O98: 0.02
B99: כלל ביוטכנולוגיה | C99: 1104280 | D99: TASE | F99: 511898835 | G99: השקעות במדעי החיים | H99: שקל חדש | I99: 295848 | J99: 217 | K99: 0 | L99: 641.99 | M99: 0.18 | N99: =L99/$L$11*100 -> 0.13348667 | O99: 0.03
B100: פננטפארק | C100: 1142405 | D100: TASE | F100: 1702 | G100: שירותים פיננסיים | H100: שקל חדש | I100: 6400 | J100: 4210 | K100: 1.52 | L100: 270.96 | M100: 0.02 | N100: =L100/$L$11*100 -> 0.056339736 | O100: 0.01
B101: יוטרון | C101: 1157114 | D101: TASE | F101: 1771 | G101: אחר | H101: שקל חדש | I101: 24900 | J101: 1703 | K101: 0 | L101: 424.05 | M101: 0.16 | N101: =L101/$L$11*100 -> 0.088171188 | O101: 0.02
B102: איילון אחזקות בע"מ 1 ש"ח | C102: 209015 | D102: TASE | F102: 520030677 | G102: ביטוח | H102: שקל חדש | I102: 32900 | J102: 2078 | K102: 0 | L102: 683.66 | M102: 0.18 | N102: =L102/$L$11*100 -> 0.14215096 | O102: 0.03
B103: ג'י וואן | C103: 1156280 | D103: TASE | F103: 1765 | G103: שירותים | H103: שקל חדש | I103: 217803 | J103: 590 | K103: 0 | L103: 1285.04 | M103: 0.27 | N103: =L103/$L$11*100 -> 0.26719374 | O103: 0.06
B104: גלוברנדס | C104: 1147487 | D104: TASE | F104: 515809499 | G104: מסחר | H104: שקל חדש | I104: 1469.72 | J104: 33070 | K104: 0 | L104: 486.04 | M104: 0.12 | N104: =L104/$L$11*100 -> 0.10106055 | O104: 0.02
B105: טיב טעם הולדינגס מ"ר 1 | C105: 103010 | D105: TASE | F105: 520041187 | G105: מסחר | H105: שקל חדש | I105: 171360 | J105: 237.5 | K105: 0 | L105: 406.98 | M105: 0.16 | N105: =L105/$L$11*100 -> 0.084621884 | O105: 0.02
B106: אוברסיז | C106: 1139617 | D106: TASE | F106: 1671 | G106: שירותים | H106: שקל חדש | I106: 251819 | J106: 354.6 | K106: 0 | L106: 892.95 | M106: 0.46 | N106: =L106/$L$11*100 -> 0.18566787 | O106: 0.04
B107: אל על נתיבי אויר מ"ר | C107: 1087824 | D107: TASE | F107: 520017146 | G107: שירותים | H107: שקל חדש | I107: 516250 | J107: 94.2 | K107: 0 | L107: 486.31 | M107: 0.1 | N107: =L107/$L$11*100 -> 0.10111669 | O107: 0.02
B108: כנפיים אחזקות בע"מ מ"ר 1 | C108: 543017 | D108: TASE | F108: 520040700 | G108: שירותים | H108: שקל חדש | I108: 46873 | J108: 1304 | K108: 0 | L108: 611.22 | M108: 0.29 | N108: =L108/$L$11*100 -> 0.12708877 | O108: 0.03
... B125: נאוויטס פטר יהש | C125: 1141969 | D125: TASE | F125: 1688 | G125: חיפושי נפט וגז | H125: שקל חדש | I125: 212887 | J125: 1372 | K125: 0 | L125: 2920.81 | M125: 0.56 | N125: =L125/$L$11*100 -> 0.60731349 | O125: 0.13
B126: סה"כ אופציות Call 001 | I126: 0 | K126: 0 | L126: 0 | N126: 0 | O126: 0
B127: LONG
B128: SHORT
B129: סה"כ בחו"ל | I129: =SUM(I130,I145) -> 1991802 | K129: =SUM(K130,K145) -> 122.66 | L129: =SUM(L130,L145) -> 138741.47 | N129: =SUM(N130,N145) -> 28.848012 | O129: 5.95
B130: סה"כ חברות ישראליות בחו"ל | I130: =SUM(I131:I144) -> 633896 | K130: =SUM(K131:K144) -> 0 | L130: =SUM(L131:L144) -> 23628.83 | N130: =SUM(N131:N144) -> 4.9130574 | O130: 0.84
B131: סים קומרשייל | C131: 1142355 | D131: TASE | F131: 908311 | G131: נדל"ן ובינוי | H131: שקל חדש | I131: 51193 | J131: 9170 | K131: 0 | L131: 4694.4 | M131: 0.63 | N131: =L131/$L$11*100 -> 0.97608967 | O131: 0.21
B132: BATM ADVANCED COMMUNICATIONS | C132: IL0010849045 | D132: LSE | E132: בלומברג | F132: 2135 | G132: השקעות בהייטק | H132: לירה שטרלינג | I132: 308124 | J132: 43 | K132: 0 | L132: 599.08 | M132: 0 | N132: =L132/$L$11*100 -> 0.12456454 | O132: 0.03 | P132: 70477849
B133: DELEK US HOLDINGS INC | C133: US24665A1034 | D133: אחר | E133: בלומברג | F133: 520032681 | G133: Other | H133: דולר אמריקאי | I133: 12585 | J133: 4052 | K133: 0 | L133: 1818.46 | M133: 0 | N133: =L133/$L$11*100 -> 0.37810583 | O133: 0.08 | P133: 75965368
B134: FORESIGHT AUTONOMOUS-SP ADR | C134: US3455231049 | D134: NASDAQ | E134: בלומברג | F134: 95041 | G134: Other | H134: דולר אמריקאי | I134: 47025 | J134: 176 | K134: 0 | L134: 295.14 | M134: 0 | N134: =L134/$L$11*100 -> 0.061367396 | O134: 0.01 | P134: 75951715
B135: RADA ELECTRONIC INDS LTD | C135: IL0010826506 | D135: NASDAQ | E135: בלומברג | F135: 2103 | G135: Other | H135: דולר אמריקאי | I135: 83824 | J135: 329 | K135: 0 | L135: 983.43 | M135: 0 | N135: =L135/$L$11*100 -> 0.20448106 | O135: 0.04 | P135: 70380860
B136: UROGEN PHARMA LTD | C136: IL0011407140 | D136: NASDAQ | E136: בלומברג | F136: 2313 | G136: Pharmaceuticals & Biotechnology | H136: דולר אמריקאי | I136: 7872 | J136: 3594 | K136: 0 | L136: 1008.89 | M136: 0 | N136: =L136/$L$11*100 -> 0.20977486 | O136: 0.04 | P136: 75916320
B137: AFI DEV -B SHS | C137: CY0101380612 | D137: LSE | E137: בלומברג | F137: 99737 | G137: Real Estate | H137: דולר אמריקאי | I137: 18302 | J137: 21.65 | K137: 0 | L137: 14.13 | M137: 0 | N137: =L137/$L$11*100 -> 0.002938 | O137: 0 | P137: 74299983
B138: CHECK POINT SOFTWARE TECH | C138: IL0010824113 | D138: אחר | E138: בלומברג | F138: 520042821 | G138: Software & Services | H138: דולר אמריקאי | I138: 4450 | J138: 11561 | K138: 0 | L138: 1834.58 | M138: 0 | N138: =L138/$L$11*100 -> 0.38145761 | O138: 0.08 | P138: 70471735
B139: MAGIC SOFTWARE ENTERPRISES | C139: IL0010823123 | D139: אחר | E139: בלומברג | F139: 520036740 | G139: תוכנה ואינטרנט | H139: דולר אמריקאי | I139: 21785 | J139: 897 | K139: 0 | L139: 696.84 | M139: 0 | N139: =L139/$L$11*100 -> 0.14489143 | O139: 0.03 | P139: 70387212
B140: ELLOMAY CAPITAL LTD | C140: IL0010826357 | D140: אחר | E140: בלומברג | F140: 2101 | G140: קלינטק | H140: דולר אמריקאי | I140: 350 | J140: 1118.9 | K140: 0 | L140: 13.96 | M140: 0 | N140: =L140/$L$11*100 -> 0.0029026525 | O140: 0 | P140: 70468996
B141: RADWARE LTD | C141: IL0010834765 | D141: NYSE | E141: בלומברג | F141: 520044371 | G141: מחשבים | H141: דולר אמריקאי | I141: 14901 | J141: 2473 | K141: 0 | L141: 1314.08 | M141: 0 | N141: =L141/$L$11*100 -> 0.27323192 | O141: 0.06 | P141: 70490792
B142: מלנוקס | C142: IL0011017329 | D142: NYSE | E142: בלומברג | F142: 2254 | G142: מוליכים למחצה | H142: דולר אמריקאי | I142: 7911 | J142: 11067 | K142: 0 | L142: 3122.07 | M142: 0.01 | N142: =L142/$L$11*100 -> 0.64916076 | O142: 0.14 | P142: 70780325
B143: SOLAREDGE TECHNOLOGIES INC | C143: US83417M1045 | D143: NASDAQ | E143: בלומברג | F143: 94175 | G143: Semiconductors & Semiconductor Equipment | H143: דולר אמריקאי | I143: 16447 | J143: 6246 | K143: 0 | L143: 3663.28 | M143: 0.04 | N143: =L143/$L$11*100 -> 0.76169261 | O143: 0.16 | P143: 75175695
B144: NOVA MEASURING INSTRUMENTS | C144: IL0010845571 | D144: אחר | E144: בלומברג | F144: 511812463 | G144: מוליכים למחצה | H144: דולר אמריקאי | I144: 39127 | J144: 2559 | K144: 0 | L144: 3570.49 | M144: 0 | N144: =L144/$L$11*100 -> 0.74239912 | O144: 0.16 | P144: 70507199
B145: סה"כ חברות זרות בחו"ל | I145: 1357906 | K145: 122.66 | L145: 115112.64 | N145: =SUM(N146:N214) -> 23.934954 | O145: 5.11
B146: BRIGHTHOUSE FINANCIAL INC-WI | C146: US10922N1037 | D146: NASDAQ | E146: בלומברג | F146: 96153 | G146: Other | H146: דולר אמריקאי | I146: 14952 | J146: 3669 | K146: 0 | L146: 1956.27 | M146: 0 | N146: =L146/$L$11*100 -> 0.40676017 | O146: 0.09 | P146: 75989129
B147: CARNIVAL CORP | C147: PA1436583006 | D147: NYSE | E147: בלומברג | F147: 99145 | G147: Other | H147: דולר אמריקאי | I147: 4500 | J147: 4655 | K147: 0 | L147: 746.99 | M147: 0 | N147: =L147/$L$11*100 -> 0.15531894 | O147: 0.03 | P147: 70462940
B148: COMPUGROUP MEDICAL AG | C148: DE0005437305 | D148: DAX | E148: בלומברג | F148: 95040 | G148: Other | H148: אירו | I148: 2825 | J148: 7100 | K148: 0 | L148: 814.65 | M148: 0 | N148: =L148/$L$11*100 -> 0.16938724 | O148: 0.04 | P148: 75180000
B149: FORTINET INC | C149: US34959E1091 | D149: NASDAQ | E149: בלומברג | F149: 97190 | G149: Other | H149: דולר אמריקאי | I149: 6700 | J149: 7683 | K149: 0 | L149: 1835.64 | M149: 0 | N149: =L149/$L$11*100 -> 0.38167801 | O149: 0.08 | P149: 74215153
B150: SYNCHRONY FINANCIAL | C150: US87165B1035 | D150: NYSE | E150: בלומברג | F150: 99801 | G150: Other | H150: דולר אמריקאי | I150: 18162 | J150: 3467 | K150: 0 | L150: 2245.43 | M150: 0 | N150: =L150/$L$11*100 -> 0.46688417 | O150: 0.1 | P150: 75047779
B151: GLOBAL MEDICAL REIT INC | C151: US37954A2042 | D151: אחר | E151: בלומברג | F151: 918626 | G151: Other | H151: דולר אמריקאי | I151: 83205 | J151: 1050 | K151: 0 | L151: 3115.44 | M151: 0 | N151: =L151/$L$11*100 -> 0.64778221 | O151: 0.14 | P151: 75893412
B152: HBM HEALTHCARE IVST-A | C152: CH0012627250 | D152: SIX | E152: בלומברג | F152: 96159 | G152: Other | H152: פרנק שווצרי | I152: 500 | J152: 18380 | K152: 0 | L152: 336.45 | M152: 0 | N152: =L152/$L$11*100 -> 0.069956836 | O152: 0.01 | P152: 76100247
B153: HUNTINGTON INGALLS INDUSTRIE | C153: US4464131063 | D153: NYSE | E153: בלומברג | F153: 98722 | G153: Other | H153: דולר אמריקאי | I153: 2169 | J153: 22474 | K153: 0 | L153: 1738.29 | M153: 0 | N153: =L153/$L$11*100 -> 0.36143637 | O153: 0.08 | P153: 74414657
B154: MELCO RESORTS&ENTERT-ADR | C154: US5854641009 | D154: אחר | E154: בלומברג | F154: 99922 | G154: Other | H154: דולר אמריקאי | I154: 16947 | J154: 2172 | K154: 0 | L154: 1312.6 | M154: 0 | N154: =L154/$L$11*100 -> 0.27292419 | O154: 0.06 | P154: 70770094
B155: MOHAWK INDUSRIES INC | C155: US6081901042 | D155: NYSE | E155: בלומברג | F155: 95030 | G155: Other | H155: דולר אמריקאי | I155: 4023 | J155: 14747 | K155: 0 | L155: 2115.61 | M155: 0 | N155: =L155/$L$11*100 -> 0.43989116 | O155: 0.09 | P155: 70578570
B156: MOWI ASA | C156: NO0003054108 | D156: אחר | E156: בלומברג | F156: 96158 | G156: Other | H156: כתר נורבגי | I156: 10750 | J156: 19945 | K156: 0 | L156: 897.94 | M156: 0 | N156: =L156/$L$11*100 -> 0.18670543 | O156: 0.04 | P156: 70714894
B157: PARK PLAZA HOTELS LTD | C157: GG00B1Z5FH87 | D157: LSE | E157: בלומברג | F157: 99704 | G157: Other | H157: לירה שטרלינג | I157: 41412 | J157: 1870 | K157: 0 | L157: 3501.55 | M157: 0 | N157: =L157/$L$11*100 -> 0.72806467 | O157: 0.15 | P157: 70830054
... B214: LGI HOMES INC | C214: US50187T1060 | D214: NASDAQ | E214: בלומברג | F214: 95044 | G214: Other | H214: דולר אמריקאי | I214: 2600 | J214: 7143 | K214: 0 | L214: 662.27 | M214: 0 | N214: =L214/$L$11*100 -> 0.13770341 | O214: 0.03 | P214: 75176289
B215: * בעל ענין/צד קשור
B216: ** בהתאם לשיטה שיושמה בדוח הכספי
A217: 12:57:06 | B217: 2019-07-22
A218: תחילת טבלה

Sheet תעודות סל
A1: תחילת טבלה
B2: תאריך הדיווח | C2: 43646
B3: החברה המדווחת | C3: רעות חברה לניהול קופות גמל בע"מ
B4: שם מסלול/קרן/קופה | C4: רעות כללי
B5: מספר מסלול/קרן/קופה | C5: 392
B6: 1. ב. ניירות ערך סחירים
B7: .5 תעודות סל
B8: שם המנפיק/שם נייר ערך | C8: מספר ני"ע | D8: זירת מסחר | E8: מספר מנפיק | F8: ענף מסחר | G8: סוג מטבע | H8: ערך נקוב | I8: שער | J8: פדיון/ריבית לקבל | K8: שווי שוק | L8: שעור מערך נקוב מונפק | M8: שעור מנכסי אפיק ההשקעה | N8: שעור מסך נכסי השקעה**
H9: יחידות | J9: אלפי ש"ח | K9: אלפי ש"ח | L9: אחוזים | M9: אחוזים | N9: אחוזים
C10: (1) | D10: (2) | E10: (3) | F10: (4) | G10: (5) | H10: (6) | I10: (7) | J10: (8) | K10: (8) | L10: (9) | M10: (10) | N10: (11)
B11: סה"כ תעודות סל | H11: 2631697 | J11: 0 | K11: 208354.63 | M11: 100 | N11: 9.25
B12: סה"כ בישראל | H12: 1694492 | J12: 0 | K12: 117581.8 | M12: 56.43 | N12: 5.22
B13: סה"כ שמחקות מדדי מניות בישראל | H13: 15918.06 | J13: 0 | K13: 80.15 | M13: 0.04 | N13: 0
B14: 60SMEאתכ.סל ת | C14: 1145044 | D14: TASE | E14: 513534974 | F14: מניות | G14: שקל חדש | H14: 15918.06 | I14: 503.5 | J14: 0 | K14: 80.15 | L14: 0.08 | M14: 0.04 | N14: 0
B15: סה"כ שמחקות מדדי מניות בחו"ל | H15: 1678573.9 | J15: 0 | K15: 117501.66 | M15: 56.39 | N15: 5.21
B16: dj industriak average (4d הראל סל | C16: 1149228 | D16: TASE | E16: 511776783 | F16: מניות | G16: שקל חדש | H16: 64200 | I16: 10560 | J16: 0 | K16: 6779.52 | L16: 3.5 | M16: 3.25 | N16: 0.3
B17: *S&P Technology (4D) ETF פסגות | C17: 1148741 | D17: TASE | E17: 513765339 | F17: מניות | G17: שקל חדש | H17: 498725 | I17: 2901 | J17: 0 | K17: 14468.01 | L17: 2.06 | M17: 6.94 | N17: 0.64
B18: *Russell 2000 (4D) ETF פסגות | C18: 1147859 | D18: TASE | E18: 513765339 | F18: מניות | G18: שקל חדש | H18: 218180 | I18: 6022 | J18: 0 | K18: 13138.8 | L18: 10.51 | M18: 6.31 | N18: 0.58
B19: *S&P Industrial (4D) ETF פסגות | C19: 1149384 | D19: TASE | E19: 513765339 | F19: מניות | G19: שקל חדש | H19: 33917 | I19: 8534 | J19: 0 | K19: 2894.48 | L19: 1.68 | M19: 1.39 | N19: 0.13
B20: *פסגנף500. | C20: 1148162 | D20: TASE | E20: 513765339 | F20: מניות | G20: שקל חדש | H20: 236452.92 | I20: 9944 | J20: 0 | K20: 23512.88 | L20: 1.49 | M20: 11.28 | N20: 1.04
B21: *ממNIKKEI 225 (4A) ETF.פסג | C21: 1149814 | D21: TASE | E21: 513765339 | F21: מניות | G21: שקל חדש | H21: 35787 | I21: 18330 | J21: 0 | K21: 6559.76 | L21: 2.4 | M21: 3.15 | N21: 0.29
B22: קסם ETF IBOVESPA | C22: 1146091 | D22: TASE | E22: 510938608 | F22: מניות | G22: דולר אמריקאי | H22: 43847 | I22: 2304.26 | J22: 0 | K22: 3602.91 | L22: 1.79 | M22: 1.73 | N22: 0.16
B23: EURO STOXX Dividend 30 (4D) ETF קסם | C23: 1146026 | D23: TASE | E23: 510938608 | F23: מניות | G23: שקל חדש | H23: 98111 | I23: 7632 | J23: 0 | K23: 7487.83 | L23: 64.48 | M23: 3.59 | N23: 0.33
B24: MDAX (4D) ETF קסם | C24: 1146372 | D24: TASE | E24: 510938608 | F24: מניות | G24: שקל חדש | H24: 91000 | I24: 9890 | J24: 0 | K24: 8999.9 | L24: 3.11 | M24: 4.32 | N24: 0.4
B25: .100NDXםקס | C25: 1146505 | D25: TASE | E25: 510938608 | F25: מניות | G25: שקל חדש | H25: 51077 | I25: 26170 | J25: 0 | K25: 13366.85 | L25: 1.66 | M25: 6.41 | N25: 0.59
B26: s&p energy. תכלית סל | C26: 1144278 | D26: TASE | E26: 513534974 | F26: מניות | G26: שקל חדש | H26: 193699 | I26: 3682 | J26: 0 | K26: 7132 | L26: 3.65 | M26: 3.42 | N26: 0.32
B27: s&p consumer staples תכלית סל | C27: 1143981 | D27: TASE | E27: 513534974 | F27: מניות | G27: שקל חדש | H27: 113578 | I27: 8416 | J27: 0 | K27: 9558.72 | L27: 5.58 | M27: 4.59 | N27: 0.42
B28: סה"כ שמחקות מדדים אחרים בישראל | H28: 0 | J28: 0 | K28: 0 | M28: 0 | N28: 0
B29: סה"כ שמחקות מדדים אחרים בחו"ל | H29: 0 | J29: 0 | K29: 0 | M29: 0 | N29: 0
B30: סה"כ אחר | H30: 0 | J30: 0 | K30: 0 | M30: 0 | N30: 0
B31: סה"כ Short | H31: 0 | J31: 0 | K31: 0 | M31: 0 | N31: 0
B32: סה"כ בחו"ל | H32: 937205 | J32: 0 | K32: 90772.83 | M32: 43.57 | N32: 4.03
B33: סה"כ שמחקות מדדי מניות | H33: 937205 | J33: 0 | K33: 90772.83 | M33: 43.57 | N33: 4.03
B34: איישיירס /קסינואה צאינה 25 | C34: US4642871846 | D34: אחר | E34: 99568 | F34: מניות | G34: דולר אמריקאי | H34: 21400 | I34: 4277 | J34: 0 | K34: 3263.88 | L34: 0 | M34: 1.57 | N34: 0.14 | O34: 70658448
B35: איישרסT | C35: HK2823028546 | D35: HKSE | E35: 99568 | F35: מניות | G35: דולר הונג קונג | H35: 435000 | I35: 1494 | J35: 0 | K35: 2967.4 | L35: 0 | M35: 1.42 | N35: 0.13 | O35: 70776612
B36: ISHARES CORE SPI CH | C36: CH0237935652 | D36: SIX | E36: 97553 | F36: מניות | G36: פרנק שווצרי | H36: 13201 | I36: 12528 | J36: 0 | K36: 6054.8 | L36: 0 | M36: 2.91 | N36: 0.27 | O36: 76021195
B37: גלובל | C37: US37950E4089 | D37: NYSE | E37: 98677 | F37: מניות | G37: דולר אמריקאי | H37: 31162 | I37: 1624 | J37: 0 | K37: 1804.65 | L37: 0 | M37: 0.87 | N37: 0.08 | O37: 74231937
B38: DAXEX FUND | C38: DE0005933931 | D38: DAX | E38: 99307 | F38: מניות | G38: אירו | H38: 30976 | I38: 10624 | J38: 0 | K38: 13366.28 | L38: 0 | M38: 6.41 | N38: 0.59 | O38: 70597752
B39: נאסדאק 100 אינדקס טרקינג סטוק | C39: US73935A1043 | D39: NYSE | E39: 98126 | F39: מניות | G39: דולר אמריקאי | H39: 9072 | I39: 18674 | J39: 0 | K39: 6041.18 | L39: 0 | M39: 2.9 | N39: 0.27 | O39: 70486931
B40: איישרס פראנס אינדקס | C40: US4642867075 | D40: אחר | E40: 99341 | F40: מניות | G40: דולר אמריקאי | H40: 46731 | I40: 3065 | J40: 0 | K40: 5107.6 | L40: 0 | M40: 2.45 | N40: 0.23 | O40: 70487483
B41: איישארס אם אס סי אי סאוס קוראה אינ | C41: US4642867729 | D41: NYSE | E41: 99341 | F41: מניות | G41: דולר אמריקאי | H41: 10150 | I41: 5987 | J41: 0 | K41: 2166.99 | L41: 0 | M41: 1.04 | N41: 0.1 | O41: 70629316
B42: איישיירס ראסל 2000 | C42: US4642876555 | D42: NYSE | E42: 99342 | F42: מניות | G42: דולר אמריקאי | H42: 746 | I42: 15550 | J42: 0 | K42: 413.67 | L42: 0 | M42: 0.2 | N42: 0.02 | O42: 70543764
B43: KRANESHARES CSI CHINA INTERN | C43: US5007673065 | D43: NASDAQ | E43: 97857 | F43: מניות | G43: דולר אמריקאי | H43: 22467 | I43: 4395 | J43: 0 | K43: 3521.16 | L43: 0.05 | M43: 1.69 | N43: 0.16 | O43: 74864851
B44: KRANESH BOSERA MSCI CHINA A | C44: US5007674055 | D44: NYSE | E44: 97857 | F44: מניות | G44: דולר אמריקאי | H44: 20766 | I44: 3096 | J44: 0 | K44: 2292.64 | L44: 0.18 | M44: 1.1 | N44: 0.1 | O44: 74968843
B45: SOURCE FINANCIAL S&P US SECT | C45: IE00B42Q4896 | D45: LSE | E45: 98262 | F45: מניות | G45: דולר אמריקאי | H45: 8900 | I45: 19510 | J45: 0 | K45: 6191.97 | L45: 0 | M45: 2.97 | N45: 0.27 | O45: 75032359
... B55: VANECK VECTORS JUNIOR GOLD M | C55: US92189F7915 | D55: NYSE | E55: 5391 | F55: מניות | G55: דולר אמריקאי | H55: 18675 | I55: 3496 | J55: 0 | K55: 2328.16 | L55: 0 | M55: 1.12 | N55: 0.1 | O55: 74213448
B56: סה"כ שמחקות מדדים אחרים | H56: 0 | J56: 0 | K56: 0 | M56: 0 | N56: 0
B57: סה"כ אחר | H57: 0 | J57: 0 | K57: 0 | M57: 0 | N57: 0
B58: סה"כ Short | H58: 0 | J58: 0 | K58: 0 | M58: 0 | N58: 0
B59: * בעל ענין/צד קשור
B60: ** בהתאם לשיטה שיושמה בדוח הכספי
A61: 12:57:06 | B61: 2019-07-22
A62: סוף טבלה

Sheet קרנות נאמנות
A1: תחילת טבלה
B2: תאריך הדיווח | C2: 43646
B3: החברה המדווחת | C3: רעות חברה לניהול קופות גמל בע"מ
B4: שם מסלול/קרן/קופה | C4: רעות כללי
B5: מספר מסלול/קרן/קופה | C5: 392
B6: 1. ב. ניירות ערך סחירים
B7: .6 קרנות נאמנות
B8: שם המנפיק/שם נייר ערך | C8: מספר ני"ע | D8: זירת מסחר | E8: מספר מנפיק | F8: ענף מסחר | G8: דירוג | H8: שם מדרג | I8: סוג מטבע | J8: ערך נקוב | K8: שער | L8: שווי שוק | M8: שעור מערך נקוב מונפק | N8: שעור מנכסי אפיק ההשקעה | O8: שעור מסך נכסי השקעה**
J9: ש"ח | K9: אגורות | L9: אלפי ש"ח | M9: אחוזים | N9: אחוזים | O9: אחוזים
C10: (1) | D10: (2) | E10: (3) | F10: (4) | G10: (5) | H10: (6) | I10: (7) | J10: (8) | K10: (9) | L10: (10) | M10: (11) | N10: (12) | O10: (13)
B11: סה"כ תעודות השתתפות בקרנות נאמנות | J11: 978038.06 | L11: 125401.85 | N11: 100 | O11: 5.57
B12: סה"כ בישראל | J12: 0 | L12: 0 | N12: 0 | O12: 0
B13: סה"כ אג"ח קונצרני בישראל | J13: 0 | L13: 0 | N13: 0 | O13: 0
B14: סה"כ אג"ח ממשלתי בישראל | J14: 0 | L14: 0 | N14: 0 | O14: 0
B15: סה"כ מניות בישראל | J15: 0 | L15: 0 | N15: 0 | O15: 0
B16: סה"כ אחר בישראל | J16: 0 | L16: 0 | N16: 0 | O16: 0
B17: סה"כ בחו"ל | J17: 978038.06 | L17: 125401.85 | N17: 100 | O17: 5.57
B18: סה"כ אג"ח קונצרני בחו"ל | J18: 45239.08 | L18: 89043.84 | N18: 71.01 | O18: 3.95
B19: AMUNDI FDS-BOND GLOBAL AGG (XI | C19: LU1103162241 | D19: אחר | E19: 92767 | F19: Diversified Financials | G19: ללא דירוג | H19: ללא דירוג | I19: דולר אמריקאי | J19: 3148.71 | K19: 112429 | L19: 12623.86 | M19: 0 | N19: 10.07 | O19: 0.56 | P19: 75147884
B20: CIFC SENIOR SEC.COR.LOAN CL E | C20: KYG213931226 | D20: NYSE | E20: 94167 | F20: Other | G20: ללא דירוג | H20: ללא דירוג | I20: דולר אמריקאי | J20: 10000 | K20: 104398 | L20: 37228.33 | M20: 0 | N20: 29.69 | O20: 1.65 | P20: 76297688
B21: CREDIT SUISSE NOVA GL SE LO | C21: LU0635707705 | D21: אחר | E21: 99298 | F21: Diversified Financials | G21: ללא דירוג | H21: ללא דירוג | I21: דולר אמריקאי | J21: 5486.79 | K21: 131615 | L21: 25751.65 | M21: 0.23 | N21: 20.53 | O21: 1.14 | P21: 74712159
B22: INVESCO US SENIOR LOAN-G | C22: LU0564079282 | D22: אחר | E22: 97153 | F22: Debt | G22: ללא דירוג | H22: ללא דירוג | I22: דולר אמריקאי | J22: 26603.58 | K22: 14167 | L22: 13440 | M22: 0.2 | N22: 10.72 | O22: 0.6 | P22: 74705997
B23: סה"כ אג"ח ממשלתי בחו"ל | J23: 0 | L23: 0 | N23: 0 | O23: 0
B24: סה"כ מניות בחו"ל | J24: 841828.67 | L24: 23577.74 | N24: 18.8 | O24: 1.05
B25: COMGEST GROWTH EUROPE OPP | C25: IE00BHWQNN83 | D25: אחר | E25: 93263 | F25: Other | G25: ללא דירוג | H25: ללא דירוג | I25: אירו | J25: 8350 | K25: 3705 | L25: 1256.53 | M25: 0 | N25: 1 | O25: 0.06 | P25: 76043702
B26: GEMEQUITY-S USD | C26: FR0013246444 | D26: CAC | E26: 93712 | F26: Other | G26: ללא דירוג | H26: ללא דירוג | I26: דולר אמריקאי | J26: 250 | K26: 121846 | L26: 1086.26 | M26: 0 | N26: 0.87 | O26: 0.05 | P26: 76537620
B27: KOTAK FUNDS - IND MIDCP - JA U | C27: LU0675383409 | D27: אחר | E27: 98869 | F27: Equity | G27: ללא דירוג | H27: ללא דירוג | I27: דולר אמריקאי | J27: 150203.81 | K27: 1660.19 | L27: 8892.42 | M27: 0.48 | N27: 7.09 | O27: 0.39 | P27: 75217265
B28: L1 Capital Fund | C28: AU60LCP00016 | D28: TASE | E28: 98876 | F28: Other | G28: ללא דירוג | H28: ללא דירוג | I28: דולר אוסטרלי | J28: 641302.88 | K28: 168.26 | L28: 2698.08 | M28: 0 | N28: 2.15 | O28: 0.12 | P28: 800074684
B29: SCHRODER INT-GRT CHNA-IZ | C29: LU1953148969 | D29: אחר | E29: 98193 | F29: Other | G29: ללא דירוג | H29: ללא דירוג | I29: דולר אמריקאי | J29: 2900 | K29: 8573 | L29: 886.57 | M29: 0 | N29: 0.71 | O29: 0.04 | P29: 76542547
B30: AS SICAV I-CHNA A SH-IACCUSD | C30: LU1130125799 | D30: אחר | E30: 96144 | F30: Other | G30: ללא דירוג | H30: ללא דירוג | I30: דולר אמריקאי | J30: 17000 | K30: 1573.76 | L30: 954.04 | M30: 0 | N30: 0.76 | O30: 0.04 | P30: 76542554
B31: SUMITRUST JAPAM SMALL CAP | C31: IE00BLD2G458 | D31: ISE | E31: 97426 | F31: Banks | G31: ללא דירוג | H31: ללא דירוג | I31: דולר אמריקאי | J31: 6321.98 | K31: 16610.04 | L31: 3744.6 | M31: 0 | N31: 2.99 | O31: 0.17 | P31: 76068253
B32: YUKI JAPAN REBOUND GR0-2JPYI | C32: IE00BF4KT581 | D32: ISE | E32: 95013 | F32: Other | G32: ללא דירוג | H32: ללא דירוג | I32: יין יפני | J32: 15500 | K32: 790600 | L32: 4059.24 | M32: 0 | N32: 3.24 | O32: 0.18 | P32: 76319201
B33: סה"כ אחר בחו"ל | J33: 90970.31 | L33: 12780.27 | N33: 10.19 | O33: 0.57
B34: BGF-EMK LOC CURR BD-USD I2 | C34: LU0520955575 | D34: אחר | E34: 93220 | F34: Fixed Income | G34: ללא דירוג | H34: ללא דירוג | I34: דולר אמריקאי | J34: 60683.63 | K34: 2557 | L34: 5533.29 | M34: 0 | N34: 4.41 | O34: 0.25 | P34: 76101542
B35: INVESCO GR CHINA EQ-SACCUSD | C35: 76579069 | D35: אחר | E35: 97153 | F35: Other | G35: ללא דירוג | H35: ללא דירוג | I35: דולר אמריקאי | J35: 19000 | K35: 1315 | L35: 890.96 | M35: 0 | N35: 0.71 | O35: 0.04
B36: ANGSAN BOND FUND-AA | C36: IE00BNN82M77 | D36: ISE | E36: 93029 | F36: Fixed Income | G36: ללא דירוג | H36: ללא דירוג | I36: דולר אמריקאי | J36: 11286.68 | K36: 15792 | L36: 6356.01 | M36: 0 | N36: 5.07 | O36: 0.28 | P36: 75050286
B37: * בעל ענין/צד קשור
B38: ** בהתאם לשיטה שיושמה בדוח הכספי
A39: 12:57:06 | B39: 2019-07-22
A40: סוף טבלה

Sheet כתבי אופציה
A1: תחילת טבלה
B2: תאריך הדיווח | C2: 30.06.2019
B3: החברה המדווחת | C3: רעות חברה לניהול קופות גמל בע"מ
B4: שם מסלול/קרן/קופה | C4: רעות כללי
B5: מספר מסלול/קרן/קופה | C5: 392
B6: 1. ב. ניירות ערך סחירים
B7: .7 כתבי אופציה
B8: שם המנפיק/שם נייר ערך | C8: מספר ני"ע | D8: זירת מסחר | E8: ענף מסחר | F8: סוג מטבע | G8: ערך נקוב | H8: שער | I8: שווי שוק | J8: שעור מערך נקוב מונפק | K8: שעור מנכסי אפיק ההשקעה | L8: שעור מסך נכסי השקעה**
G9: ש"ח | H9: אגורות | I9: אלפי ש"ח | J9: אחוזים | K9: אחוזים | L9: אחוזים
C10: (1) | D10: (2) | E10: (3) | F10: (4) | G10: (5) | H10: (6) | I10: (7) | J10: (8) | K10: (9) | L10: (10)
B11: סה"כ כתבי אופציה | G11: 43550 | I11: 203.6 | K11: 100 | L11: 0.01
B12: סה"כ בישראל | G12: 43550 | I12: 203.6 | K12: 100 | L12: 0.01
B13: כתבי אופציה בישראל
B14: נאוויטס פט אפ 4 | C14: 1156454 | D14: TASE | E14: חיפושי נפט וגז | F14: שקל חדש | G14: 43550 | H14: 467.5 | I14: 203.6 | J14: 3.03 | K14: 100 | L14: 0.01
B15: סה"כ בחו"ל | G15: 0 | I15: 0 | K15: 0 | L15: 0
B16: כתבי אופציה בחו"ל
B17: * בעל ענין/צד קשור
B18: ** בהתאם לשיטה שיושמה בדוח הכספי
A19: 12:57:06 | B19: 2019-07-22
A20: סוף טבלה

Sheet אופציות
A1: תחילת טבלה
B2: תאריך הדיווח | C2: 43646
B3: החברה המדווחת | C3: רעות חברה לניהול קופות גמל בע"מ
B4: שם מסלול/קרן/קופה | C4: רעות כללי
B5: מספר מסלול/קרן/קופה | C5: 392
B6: 1. ב. ניירות ערך סחירים
B7: .8 אופציות
B8: שם המנפיק/שם נייר ערך | C8: מספר ני"ע | D8: זירת מסחר | E8: ענף מסחר | F8: סוג מטבע | G8: ערך נקוב | H8: שער | I8: שווי שוק | J8: שעור מערך נקוב מונפק | K8: שעור מנכסי אפיק ההשקעה | L8: שעור מסך נכסי השקעה**
G9: יחידות | I9: אלפי ש"ח | J9: אחוזים | K9: אחוזים | L9: אחוזים
C10: (1) | D10: (2) | E10: (3) | F10: (4) | G10: (5) | H10: (6) | I10: (7) | J10: (8) | K10: (9) | L10: (10)
B11: סה"כ אופציות | G11: 32 | I11: 1558.66 | K11: 100 | L11: 0.07
B12: סה"כ בישראל | G12: 0 | I12: 0 | K12: 0 | L12: 0
B13: סה"כ מדדים כולל מניות | G13: 0 | I13: 0 | K13: 0 | L13: 0
B14: ש"ח / מט"ח | G14: 0 | I14: 0 | K14: 0 | L14: 0
B15: סה"כ ריבית | G15: 0 | I15: 0 | K15: 0 | L15: 0
B16: סה"כ אחר | G16: 0 | I16: 0 | K16: 0 | L16: 0
B17: סה"כ בחו"ל | G17: 32 | I17: 1558.66 | K17: 100 | L17: 0.07
B18: סה"כ מדדים כולל מניות | G18: 32 | I18: 1558.66 | K18: 100 | L18: 0.07
B19: QQQ C192 16/08/19 | C19: 76604156 | D19: אחר | E19: Other | F19: דולר אמריקאי | G19: -306 | H19: 27100 | I19: -295.71 | J19: 0 | K19: -18.97 | L19: -0.01
B20: QQQ P174 16/08/19 | C20: 76609494 | D20: אחר | E20: Other | F20: דולר אמריקאי | G20: 338 | H20: 17700 | I20: 213.34 | J20: 0 | K20: 13.69 | L20: 0.01
B21: ESU9 P2800 20/09/19 | C21: ESU9P 2800 | D21: אחר | E21: בנקים | F21: דולר אמריקאי | G21: 173 | H21: 382500 | I21: 2359.71 | J21: 0 | K21: 151.39 | L21: 0.1 | M21: 76559202
B22: ESU9 P2700 20/09/19 | C22: ESU9P 2700 | D22: אחר | E22: בנקים | F22: דולר אמריקאי | G22: -346 | H22: 237500 | I22: -2930.36 | J22: 0 | K22: -188 | L22: -0.13 | M22: 76559210
B23: ESU9 P2600 20/09/19 | C23: ESU9P 2600 | D23: אחר | E23: בנקים | F23: דולר אמריקאי | G23: 173 | H23: 147500 | I23: 909.95 | J23: 0 | K23: 58.38 | L23: 0.04 | M23: 76559228
B24: SCU9 P2550 31/07/19 | C24: SCN9 P2550 | D24: אחר | E24: בנקים | F24: דולר אמריקאי | G24: -72 | H24: 25500 | I24: -65.47 | J24: 0 | K24: -4.2 | L24: 0 | M24: 76599307
B25: SCU9 P2550 30/08/19 | C25: SCQ9 P2550 | D25: אחר | E25: בנקים | F25: דולר אמריקאי | G25: -72 | H25: 75000 | I25: -192.56 | J25: 0 | K25: -12.35 | L25: -0.01 | M25: 76599323
B26: SCU9 P2750 31/07/19 | C26: SCU9 P2750 | D26: אחר | E26: בנקים | F26: דולר אמריקאי | G26: 72 | H26: 337500 | I26: 866.54 | J26: 0 | K26: 55.59 | L26: 0.04 | M26: 76612456
B27: SCU9 P2700 30/08/19 | C27: SCU9 P2700 | D27: אחר | E27: בנקים | F27: דולר אמריקאי | G27: 72 | H27: 270000 | I27: 693.23 | J27: 0 | K27: 44.48 | L27: 0.03 | M27: 76612472
B28: סה"כ מטבע | G28: 0 | I28: 0 | K28: 0 | L28: 0
B29: סה"כ ריבית | G29: 0 | I29: 0 | K29: 0 | L29: 0
B30: סה"כ סחורות | G30: 0 | I30: 0 | K30: 0 | L30: 0
B31: סה"כ אחר | G31: 0 | I31: 0 | K31: 0 | L31: 0
B32: * בעל ענין/צד קשור
B33: ** בהתאם לשיטה שיושמה בדוח הכספי
A34: 12:57:07 | B34: 2019-07-22
A35: סוף טבלה

Sheet חוזים עתידיים
A1: תחילת טבלה
B2: תאריך הדיווח | C2: 43646
B3: החברה המדווחת | C3: רעות חברה לניהול קופות גמל בע"מ
B4: שם מסלול/קרן/קופה | C4: רעות כללי
B5: מספר מסלול/קרן/קופה | C5: 392
B6: 1. ב. ניירות ערך סחירים
B7: .9 חוזים עתידיים
B8: שם המנפיק/שם נייר ערך | C8: מספר ני"ע | D8: זירת מסחר | E8: ענף מסחר | F8: סוג מטבע | G8: ערך נקוב | H8: שער | I8: שווי שוק | J8: שעור מנכסי אפיק ההשקעה | K8: שעור מסך נכסי השקעה**
G9: ש"ח | H9: אגורות | I9: אלפי ש"ח | J9: אחוזים | K9: אחוזים
C10: (1) | D10: (2) | E10: (3) | F10: (4) | G10: (5) | H10: (6) | I10: (7) | J10: (8) | K10: (9)
B11: סה"כ חוזים עתידיים | G11: 178 | I11: 1350.14
B12: סה"כ בישראל | G12: 0 | I12: 0
B13: סה"כ בחו"ל | G13: 178 | I13: 1350.14
B14: MINI S&P 500 FUTURES 09/2019 | C14: ES1 INDEX | D14: אחר | E14: ל.ר | F14: דולר אמריקאי | G14: 140 | H14: 225250 | I14: 991.93 | J14: =I14/$I$13*100 -> 73.468677 | K14: =I14/'סכום נכסי הקרן'!$C$42*100 -> 0.044024159 | L14: 76559160
B15: HANG SENG 07/2019 | C15: HI1 INDEX | D15: HKSE | E15: ל.ר | F15: דולר הונג קונג | G15: 5 | H15: 1585000 | I15: 36.19 | J15: =I15/$I$13*100 -> 2.6804628 | K15: =I15/'סכום נכסי הקרן'!$C$42*100 -> 0.0016061963 | L15: 76617281
B16: MINI NASDAQ 100 09/2019 | C16: NQ1 INDEX | D16: אחר | E16: ל.ר | F16: דולר אמריקאי | G16: 25 | H16: 324200 | I16: 289.02 | J16: =I16/$I$13*100 -> 21.406669 | K16: =I16/'סכום נכסי הקרן'!$C$42*100 -> 0.012827379 | L16: 76596345
B17: SPI 200 GENERIC 09/2019 | C17: XP1 INDEX | D17: ASX | E17: ל.ר | F17: דולר אוסטרלי | G17: 8 | H17: 165000 | I17: 33 | J17: =I17/$I$13*100 -> 2.444191 | K17: =I17/'סכום נכסי הקרן'!$C$42*100 -> 0.0014646167 | L17: 76609767
B18: * בעל ענין/צד קשור
B19: ** בהתאם לשיטה שיושמה בדוח הכספי
A20: 12:57:07 | B20: 2019-07-22
A21: סוף טבלה

Sheet מוצרים מובנים
A1: תחילת טבלה
B2: תאריך הדיווח | C2: 30.6.2019
B3: החברה המדווחת | C3: רעות חברה לניהול קופות גמל בע"מ
B4: שם מסלול/קרן/קופה | C4: רעות כללי
B5: מספר מסלול/קרן/קופה | C5: 392
B6: 1. ב. ניירות ערך סחירים
B7: .10 מוצרים מובנים
B8: שם המנפיק/שם נייר ערך | C8: מספר ני"ע | D8: נכס הבסיס | E8: דירוג | F8: שם מדרג | G8: תאריך רכישה | H8: מח"מ | I8: סוג מטבע | J8: שיעור ריבית | K8: תשואה לפדיון | L8: ערך נקוב | M8: שער | N8: שווי שוק | O8: שעור מערך נקוב מונפק | P8: שעור מנכסי אפיק ההשקעה | Q8: שעור מסך נכסי השקעה**
H9: שנים | J9: אחוזים | K9: אחוזים | L9: ש"ח | M9: אגורות | N9: אלפי ש"ח | O9: אחוזים | P9: אחוזים | Q9: אחוזים
C10: (1) | D10: (2) | E10: (3) | F10: (4) | G10: (5) | H10: (6) | I10: (7) | J10: (8) | K10: (9) | L10: (10) | M10: (11) | N10: (12) | O10: (13) | P10: (14) | Q10: (15)
B11: סה"כ מוצרים מובנים | H11: 3.3 | J11: 0.62 | K11: -0.11 | L11: 13772601 | N11: 14506.68 | P11: 100 | Q11: 0.64
B12: סה"כ בישראל | H12: 3.3 | J12: 0.62 | K12: -0.11 | L12: 13772601 | N12: 14506.68 | P12: 100 | Q12: 0.64
B13: סה"כ קרן מובטחת | H13: 0 | J13: 0 | K13: 0 | L13: 0 | N13: 0 | P13: 0 | Q13: 0
B14: סה"כ קרן לא מובטחת | H14: 3.3 | J14: 0.62 | K14: -0.11 | L14: 13772601 | N14: 14506.68 | P14: 100 | Q14: 0.64
B15: אלה פקדון אגח ב | C15: 1142215 | D15: מדד | E15: ilAAA | F15: מעלות S&P | H15: 3.3 | I15: שקל חדש | J15: 0.62 | K15: -0.11 | L15: 13772601 | M15: 105.33 | N15: 14506.68 | O15: 0.29 | P15: 100 | Q15: 0.64
B16: סה"כ מוצרים מאוגחים | H16: 0 | J16: 0 | K16: 0 | L16: 0 | N16: 0 | P16: 0 | Q16: 0
B17: סה"כ בחו"ל | H17: 0 | J17: 0 | K17: 0 | L17: 0 | N17: 0 | P17: 0 | Q17: 0
B18: סה"כ קרן מובטחת | H18: 0 | J18: 0 | K18: 0 | L18: 0 | N18: 0 | P18: 0 | Q18: 0
B19: סה"כ קרן לא מובטחת | H19: 0 | J19: 0 | K19: 0 | L19: 0 | N19: 0 | P19: 0 | Q19: 0
B20: סה"כ מוצרים מאוגחים | H20: 0 | J20: 0 | K20: 0 | L20: 0 | N20: 0 | P20: 0 | Q20: 0
B21: * בעל ענין/צד קשור
B22: ** בהתאם לשיטה שיושמה בדוח הכספי
A23: 12:57:07 | B23: 2019-07-22
A24: סוף טבלה

Sheet לא סחיר - תעודות התחייבות ממשלת
A1: תחילת טבלה
B2: תאריך הדיווח | C2: 30.06.2019
B3: החברה המדווחת | C3: רעות חברה לניהול קופות גמל בע"מ
B4: שם מסלול/קרן/קופה | C4: רעות כללי
B5: מספר מסלול/קרן/קופה | C5: 392
B6: 1. ג. ניירות ערך לא סחירים
B7: .1 תעודות התחייבות ממשלתית
B8: שם המנפיק/שם נייר ערך | C8: מספר ני"ע | D8: דירוג | E8: שם מדרג | F8: תאריך רכישה | G8: מח"מ | H8: סוג מטבע | I8: שיעור ריבית | J8: תשואה לפדיון | K8: ערך נקוב | L8: שער | M8: שווי הוגן | N8: שעור מערך נקוב מונפק | O8: שעור מנכסי אפיק ההשקעה | P8: שעור מסך נכסי השקעה**
F9: תאריך | G9: שנים | I9: אחוזים | J9: אחוזים | K9: ש"ח | L9: אגורות | M9: אלפי ש"ח | N9: אחוזים | O9: אחוזים | P9: אחוזים
C10: (1) | D10: (2) | E10: (3) | F10: (4) | G10: (5) | H10: (6) | I10: (7) | J10: (8) | K10: (9) | L10: (10) | M10: (11) | N10: (12) | O10: (13) | P10: (14)
B11: סה"כ תעודות התחייבות ממשלתיות | G11: 0 | I11: 0 | J11: 0 | K11: 0 | M11: 0 | O11: 0 | P11: 0
B12: סה"כ בישראל | G12: 0 | I12: 0 | J12: 0 | K12: 0 | M12: 0 | O12: 0 | P12: 0
B13: סה"כ בחו"ל | G13: 0 | I13: 0 | J13: 0 | K13: 0 | M13: 0 | O13: 0 | P13: 0
B14: סה"כ אג"ח של ממשלת ישראל שהונפקו בחו"ל | G14: 0 | I14: 0 | J14: 0 | K14: 0 | M14: 0 | O14: 0 | P14: 0
B15: סה"כ אג"ח שהנפיקו ממשלות זרות בחו"ל | G15: 0 | I15: 0 | J15: 0 | K15: 0 | M15: 0 | O15: 0 | P15: 0
B16: * בעל ענין/צד קשור
B17: ** בהתאם לשיטה שיושמה בדוח הכספי
A18: 12:57:07 | B18: 2019-07-22
A19: סוף טבלה

Sheet לא סחיר - תעודות חוב מסחריות
A1: תחילת טבלה
B2: תאריך הדיווח | C2: 43646
B3: החברה המדווחת | C3: רעות חברה לניהול קופות גמל בע"מ
B4: שם מסלול/קרן/קופה | C4: רעות כללי
B5: מספר מסלול/קרן/קופה | C5: 392
B6: 1. ג. ניירות ערך לא סחירים
B7: .2 תעודות חוב מסחריות
B8: שם המנפיק/שם נייר ערך | C8: מספר ני"ע | D8: ספק המידע | E8: מספר מנפיק | F8: ענף מסחר | G8: דירוג | H8: שם מדרג | I8: תאריך רכישה | J8: מח"מ | K8: סוג מטבע | L8: שיעור ריבית | M8: תשואה לפדיון | N8: ערך נקוב | O8: שער | P8: שווי הוגן | Q8: שעור מערך נקוב מונפק | R8: שעור מנכסי אפיק ההשקעה | S8: שעור מסך נכסי השקעה**
I9: תאריך | J9: שנים | L9: אחוזים | M9: אחוזים | N9: ש"ח | O9: אגורות | P9: אלפי ש"ח | Q9: אחוזים | R9: אחוזים | S9: אחוזים
C10: (1) | D10: (2) | E10: (3) | F10: (4) | G10: (5) | H10: (6) | I10: (7) | J10: (8) | K10: (9) | L10: (10) | M10: (11) | N10: (12) | O10: (13) | P10: (14) | Q10: (15) | R10: (16) | S10: (17)
B11: סה"כ תעודות חוב מסחריות | J11: 0 | L11: 0 | M11: 0 | N11: 0 | P11: 0 | R11: 0 | S11: 0
B12: סה"כ בישראל | J12: 0 | L12: 0 | M12: 0 | N12: 0 | P12: 0 | R12: 0 | S12: 0
B13: סה"כ צמודות מדד | J13: 0 | L13: 0 | M13: 0 | N13: 0 | P13: 0 | R13: 0 | S13: 0
B14: סה"כ לא צמודות | J14: 0 | L14: 0 | M14: 0 | N14: 0 | P14: 0 | R14: 0 | S14: 0
B15: סה"כ צמודות מט"ח | J15: 0 | L15: 0 | M15: 0 | N15: 0 | P15: 0 | R15: 0 | S15: 0
B16: סה"כ אחר
B17: סה"כ בחו"ל | J17: 0 | L17: 0 | M17: 0 | N17: 0 | P17: 0 | R17: 0 | S17: 0
B18: סה"כ תעודות חוב מסחריות של חברות ישראליות | J18: 0 | L18: 0 | M18: 0 | N18: 0 | P18: 0 | R18: 0 | S18: 0
B19: סה"כ תעודות חוב מסחריות של חברות זרות | J19: 0 | L19: 0 | M19: 0 | N19: 0 | P19: 0 | R19: 0 | S19: 0
B20: * בעל ענין/צד קשור
B21: ** בהתאם לשיטה שיושמה בדוח הכספי
A22: 12:57:07 | B22: 2019-07-22
A23: סוף טבלה

Sheet לא סחיר - אג"ח קונצרני
A1: תחילת טבלה
B2: תאריך הדיווח | C2: 43646
B3: החברה המדווחת | C3: רעות חברה לניהול קופות גמל בע"מ
B4: שם מסלול/קרן/קופה | C4: רעות כללי
B5: מספר מסלול/קרן/קופה | C5: 392
B6: 1. ג. ניירות ערך לא סחירים
B7: .3 אג"ח קונצרני
B8: שם המנפיק/שם נייר ערך | C8: מספר ני"ע | D8: ספק המידע | E8: מספר מנפיק | F8: ענף מסחר | G8: דירוג | H8: שם מדרג | I8: תאריך רכישה | J8: מח"מ | K8: סוג מטבע | L8: שיעור ריבית | M8: תשואה לפדיון | N8: ערך נקוב | O8: שער | P8: שווי הוגן | Q8: שעור מערך נקוב מונפק | R8: שעור מנכסי אפיק ההשקעה | S8: שעור מסך נכסי השקעה**
J9: שנים | L9: אחוזים | M9: אחוזים | N9: ש"ח | O9: אגורות | P9: אלפי ש"ח | Q9: אחוזים | R9: אחוזים | S9: אחוזים
C10: (1) | D10: (2) | E10: (3) | F10: (4) | G10: (5) | H10: (6) | I10: (7) | J10: (8) | K10: (9) | L10: (10) | M10: (11) | N10: (12) | O10: (13) | P10: (14) | Q10: (15) | R10: (16) | S10: (17)
B11: סה"כ אגרות חוב קונצרניות | J11: 2.77 | L11: 4.35 | M11: 2.07 | N11: 39388023 | P11: 43976.83 | R11: 100 | S11: 1.95
B12: סה"כ בישראל | J12: 2.77 | L12: 4.35 | M12: 2.07 | N12: 39387847 | P12: 43976.83 | R12: 100 | S12: 1.95
B13: סה"כ צמודות מדד | J13: 2.77 | L13: 5.33 | M13: 1.99 | N13: 25269001 | P13: 29600.78 | R13: 67.31 | S13: 1.31
B14: מקורות אגח 6 -מ | C14: 1100908 | E14: 520010869 | F14: אחר | G14: ilAAA | H14: מעלות S&P | I14: 2007-01-10 | J14: 8.12 | K14: שקל חדש | L14: 4.9 | M14: 1.2 | N14: 1200000 | O14: 165.58 | P14: 1986.96 | Q14: 0.06 | R14: 4.52 | S14: 0.09
B15: לאומי שטר הון | C15: 864013800 | E15: 520018078 | F15: בנקים | G15: ilAA+ | H15: מעלות S&P | I15: 2002-12-25 | J15: 3.8 | K15: שקל חדש | L15: 6.6 | M15: 0.07 | N15: 1040000 | O15: 160.64 | P15: 1670.66 | Q15: 0 | R15: 3.8 | S15: 0.07
B16: מ - 'נתיבי גז אג"ח א | C16: 1103084 | E16: 513436394 | F16: שירותים | G16: ilAA+ | H16: מעלות S&P | I16: 2007-01-02 | J16: 4.09 | K16: שקל חדש | L16: 5.6 | M16: -0.06 | N16: 2047856.6 | O16: 153 | P16: 3133.22 | Q16: 0.25 | R16: 7.12 | S16: 0.14
B17: חשמל צמוד 2022 רמ | C17: 6000129 | E17: 520000472 | F17: שירותים | G17: Aa2.il | H17: מידרוג | I17: 2011-01-18 | J17: 2.16 | K17: שקל חדש | L17: 6 | M17: 0.16 | N17: 7809000 | O17: 124.32 | P17: 9708.15 | Q17: 0 | R17: 22.08 | S17: 0.43
B18: וי אי די מאוחד 0706 לס נשר | C18: 1097997 | E18: 513102384 | F18: שירותים פיננסיים | G18: ilAA- | H18: מעלות S&P | I18: 2006-04-23 | J18: 2.98 | K18: שקל חדש | L18: 7.75 | M18: -0.18 | N18: 987940.32 | O18: 159.02 | P18: 1571.02 | Q18: 0.35 | R18: 3.57 | S18: 0.07
B19: 2020/2001 'חשמל חב | C19: 906009115 | E19: 520000472 | F19: שירותים | G19: ilAA- | H19: מעלות S&P | I19: 1991-06-07 | J19: 0.93 | K19: שקל חדש | L19: 4.6 | M19: 0.06 | N19: 600000 | O19: 308.63 | P19: 1851.78 | Q19: 0.12 | R19: 4.21 | S19: 0.08 | T19: 860010446
B20: מ.ישיר אגח8-רמ | C20: 1154798 | E20: 513893123 | F20: אחר | G20: Aa3.il | H20: מידרוג | I20: 16/09/2018 | J20: 2.65 | K20: שקל חדש | L20: 2.5 | M20: 2.12 | N20: 3640459.8 | O20: 102.58 | P20: 3734.38 | Q20: 0.86 | R20: 8.49 | S20: 0.17
B21: מימון ישיר אג א-רמ | C21: 1139740 | E21: 513893123 | F21: שירותים פיננסיים | G21: A2.il | H21: מידרוג | I21: 2016-12-27 | J21: 2.18 | K21: שקל חדש | L21: 3.15 | M21: 2.47 | N21: 1537500 | O21: 104.26 | P21: 1603 | Q21: 0 | R21: 3.64 | S21: 0.07
B22: אס פי סי אל אגח 4 - מ | C22: 1094747 | E22: 99 | F22: נדל"ן ובינוי | G22: ilA- | H22: מעלות S&P | I22: 2005-10-09 | J22: 1.19 | K22: שקל חדש | L22: 7 | M22: 2.29 | N22: 381001.91 | O22: 131.72 | P22: 501.86 | Q22: 0.97 | R22: 1.14 | S22: 0.02
B23: אלעד קנדה אג"ח 1 לס נשר | C23: 1092162 | E23: 99 | F23: נדל"ן ובינוי | G23: ilA- | H23: מעלות S&P | I23: 2005-01-26 | J23: 0.8 | K23: שקל חדש | L23: 7 | M23: 1.95 | N23: 244284.63 | O23: 132.14 | P23: 322.8 | Q23: 0.47 | R23: 0.73 | S23: 0.01
B24: קנדה אג"ח 2 מ - אס פי סי אלעד | C24: 1092774 | E24: 99 | F24: נדל"ן ובינוי | G24: ilA- | H24: מעלות S&P | I24: 2005-04-03 | J24: 0.86 | K24: שקל חדש | L24: 7 | M24: 2.37 | N24: 830870.45 | O24: 132.71 | P24: 1102.65 | Q24: 0.77 | R24: 2.51 | S24: 0.05
B25: אגרקסקו אגח רמ-א | C25: 1109180 | E25: 510155625 | F25: חקלאות | G25: D.il | H25: מידרוג | I25: 2007-12-27 | J25: 1.8 | K25: שקל חדש | L25: 9.9 | M25: 11.46 | N25: 861673.07 | O25: 0 | P25: 0 | Q25: 0 | R25: 0 | S25: 0
B26: זכאי ריבית קרדן ב | C26: 800075616 | E26: 1154 | F26: השקעות ואחזקות | G26: ללא דירוג | H26: ללא דירוג | I26: 23/08/2018 | J26: 0 | K26: שקל חדש | L26: 0 | M26: 0 | N26: 324799.46 | O26: 26.07 | P26: 84.67 | Q26: 0.17 | R26: 0.19 | S26: 0
B27: אלון דלק אגח א' לס | C27: 1101567 | E27: 520041690 | F27: השקעות ואחזקות | G27: ללא דירוג | H27: ללא דירוג | I27: 2007-01-22 | J27: 1.76 | K27: שקל חדש | L27: 5.35 | M27: 18.9 | N27: 2492973.4 | O27: 82.54 | P27: 2057.7 | Q27: 0.39 | R27: 4.68 | S27: 0.09
B28: אמפל אמריקן ישראל אגח ב | C28: 1110378 | E28: 2023 | G28: ללא דירוג | H28: ללא דירוג | I28: 2008-04-28 | J28: 2.37 | K28: שקל חדש | L28: 6.6 | M28: 0 | N28: 833909.04 | O28: 32.61 | P28: 271.94 | Q28: 0 | R28: 0.62 | S28: 0.01
B29: ה.ד.ר. טבריה בע"מ אג"ח 1 זפ 01.12.31 | C29: 2299998 | E29: 520036245 | F29: נדל"ן ובינוי | G29: ללא דירוג | H29: ללא דירוג | I29: 1988-09-18 | J29: 0 | K29: שקל חדש | L29: 0 | M29: 0 | N29: 436732.46 | O29: 0 | P29: 0 | Q29: 0 | R29: 0 | S29: 0
B30: סה"כ לא צמודות | J30: 2.75 | L30: 2.3 | M30: 2.13 | N30: 14067682 | P30: 14268.56 | R30: 32.45 | S30: 0.63
B31: מת"ם אגח א -רמ | C31: 1138999 | E31: 1666 | F31: נדל"ן ובינוי | G31: Aa2.il | H31: מידרוג | I31: 2016-08-18 | J31: 5.34 | K31: שקל חדש | L31: 2.75 | M31: 2.25 | N31: 2548881.8 | O31: 104.66 | P31: 2667.66 | Q31: 0 | R31: 6.07 | S31: 0.12
B32: לאומיקרד אגא-רמ | C32: 1155506 | E32: 93276 | F32: אחר | G32: ilAA- | H32: מעלות S&P | I32: 29/10/2018 | J32: 2.45 | K32: שקל חדש | L32: 1.94 | M32: 1.52 | N32: 6738000 | O32: 101.63 | P32: 6847.83 | Q32: 0.6 | R32: 15.57 | S32: 0.3
B33: י.ח.ק אגח א -רמ | C33: 1143007 | E33: 550016091 | F33: השקעות ואחזקות | G33: ilA- | H33: מעלות S&P | I33: 2018-01-16 | J33: 1.72 | K33: שקל חדש | L33: 2.57 | M33: 2.93 | N33: 4780800 | O33: 99.42 | P33: 4753.07 | Q33: 1.49 | R33: 10.81 | S33: 0.21
B34: סה"כ צמודות מט"ח | J34: 3.19 | L34: 3.44 | M34: 17.34 | N34: 51164.19 | P34: 107.49 | R34: 0.24 | S34: 0
B35: רמ-1A צים אגח | C35: 6510044 | E35: 520015041 | F35: שירותים | G35: ללא דירוג | H35: ללא דירוג | I35: 2014-07-20 | J35: 3.66 | K35: דולר אמריקאי | L35: 3 | M35: 21.09 | N35: 43533 | O35: 54.95 | P35: 85.3 | Q35: 0.01 | R35: 0.19 | S35: 0
B36: צים אגח ד-רמ | C36: 6510069 | E36: 520015041 | F36: שירותים | G36: ללא דירוג | H36: ללא דירוג | I36: 2014-07-20 | J36: 1.37 | K36: דולר אמריקאי | L36: 5.12 | M36: 2.91 | N36: 7631.19 | O36: 81.53 | P36: 22.19 | Q36: 0.03 | R36: 0.05 | S36: 0
B37: סה"כ אחר | J37: 0 | L37: 0 | M37: 0 | N37: 0 | P37: 0 | R37: 0 | S37: 0
B38: סה"כ בחו"ל | J38: 0 | L38: 0 | M38: 0 | N38: 176 | P38: 0 | R38: 0 | S38: 0
B39: סה"כ אג"ח קונצרני של חברות ישראליות | J39: 0 | L39: 0 | M39: 0 | N39: 0 | P39: 0 | R39: 0 | S39: 0
B40: סה"כ אג"ח קונצרני של חברות זרות | J40: 0 | L40: 0 | M40: 0 | N40: 176 | P40: 0 | R40: 0 | S40: 0
B41: VBARE RTS | C41: ES0605196932 | D41: בלומברג | E41: 96137 | F41: Other | G41: ללא דירוג | H41: ללא דירוג | I41: 2019-06-26 | J41: 0 | K41: אירו | L41: 0 | M41: 0 | N41: 176 | O41: 0 | P41: 0 | Q41: 0 | R41: 0 | S41: 0 | T41: 76618727
B42: * בעל ענין/צד קשור
B43: ** בהתאם לשיטה שיושמה בדוח הכספי
A44: 12:57:07 | B44: 2019-07-22
A45: סוף טבלה

Sheet לא סחיר - מניות
A1: תחילת טבלה
B2: תאריך הדיווח | C2: 43646
B3: החברה המדווחת | C3: רעות חברה לניהול קופות גמל בע"מ
B4: שם מסלול/קרן/קופה | C4: רעות כללי
B5: מספר מסלול/קרן/קופה | C5: 392
B6: 1. ג. ניירות ערך לא סחירים
B7: .4 מניות
B8: שם המנפיק/שם נייר ערך | C8: מספר ני"ע | D8: ספק המידע | E8: מספר מנפיק | F8: ענף מסחר | G8: סוג מטבע | H8: ערך נקוב | I8: שער | J8: שווי שוק | K8: שעור מערך נקוב מונפק | L8: שעור מנכסי אפיק ההשקעה | M8: שעור מסך נכסי השקעה**
H9: ש"ח | I9: אגורות | J9: אלפי ש"ח | K9: אחוזים | L9: אחוזים | M9: אחוזים
C10: (1) | D10: (2) | E10: (3) | F10: (4) | G10: (5) | H10: (6) | I10: (7) | J10: (8) | K10: (9) | L10: (10) | M10: (11)
B11: סה"כ מניות | H11: 175393.03 | J11: 1144.75 | L11: 100 | M11: 0.05
B12: סה"כ בישראל | H12: 132686.97 | J12: 1144.75 | L12: 100 | M12: 0.05
B13: אלון דלק בנאמנות | C13: 800074304 | E13: 520041690 | F13: השקעות ואחזקות | G13: שקל חדש | H13: 107686.97 | I13: 0 | J13: 0 | K13: 0 | L13: 0 | M13: 0
B14: כלל משקאות | C14: 800076390 | E14: 520021874 | F14: אחר | G14: שקל חדש | H14: 25000 | I14: 4579 | J14: 1144.75 | K14: 0 | L14: 100 | M14: 0.05
B15: סה"כ בחו"ל | H15: 42706.06 | J15: 0 | L15: 0 | M15: 0
B16: סה"כ חברות ישראליות בחו"ל | H16: 0 | J16: 0 | L16: 0 | M16: 0
B17: סה"כ חברות זרות בחו"ל | H17: 42706.06 | J17: 0 | L17: 0 | M17: 0
B18: DELEK GLOBAL REAL ESTATE LTD | C18: JE00B1S0VN88 | D18: בלומברג | E18: 99649 | F18: Real Estate | G18: לירה שטרלינג | H18: 42706.06 | I18: 0 | J18: 0 | K18: 0.02 | L18: 0 | M18: 0 | N18: 70794425
B19: * בעל ענין/צד קשור
B20: ** בהתאם לשיטה שיושמה בדוח הכספי
A21: 12:57:07 | B21: 2019-07-22
A22: סוף טבלה

Sheet לא סחיר - קרנות השקעה
A1: תחילת טבלה
B2: תאריך הדיווח | C2: 43646
B3: החברה המדווחת | C3: רעות חברה לניהול קופות גמל בע"מ
B4: שם מסלול/קרן/קופה | C4: רעות כללי
B5: מספר מסלול/קרן/קופה | C5: 392
B6: 1. ג. ניירות ערך לא סחירים
B7: .5 קרנות השקעה
B8: שם המנפיק/שם נייר ערך | C8: מספר ני"ע | D8: סוג מטבע | E8: תאריך רכישה | F8: ערך נקוב | G8: שער | H8: שווי הוגן | I8: שעור מערך נקוב מונפק | J8: שעור מנכסי אפיק ההשקעה | K8: שעור מסך נכסי השקעה**
E9: תאריך | F9: יחידות | H9: אלפי ש"ח | I9: אחוזים | J9: אחוזים | K9: אחוזים
C10: (1) | D10: (2) | E10: (3) | F10: (4) | G10: (5) | H10: (6) | I10: (7) | J10: (8) | K10: (9)
B11: סה"כ קרנות השקעה | F11: 65747217 | H11: 164169.13 | J11: 100 | K11: 7.29
B12: סה"כ קרנות השקעה בישראל | F12: 47471579 | H12: 72391.59 | J12: 44.1 | K12: 3.21
B13: סה"כ קרנות הון סיכון | F13: 14856401 | H13: 21521.12 | J13: 13.11 | K13: 0.95
B14: קרן פימי אופרטוניטי 2 | C14: 892171604 | D14: דולר אמריקאי | E14: 2005-10-10 | F14: 1773439 | G14: 11.76 | H14: 743.94 | I14: 1.83 | J14: 0.45 | K14: 0.03
B15: פימי 6 אופורטיוניטי ישראל | C15: 800071045 | D15: דולר אמריקאי | E15: 21/07/2016 | F15: 809457 | G15: 101.25 | H15: 2922.48 | I15: 0.07 | J15: 1.78 | K15: 0.13
B16: קרן מרקסטון | C16: 890016405 | D16: דולר אמריקאי | E16: 2004-02-03 | F16: 2642595 | G16: 0 | H16: 0 | I16: 0 | J16: 0 | K16: 0
B17: קרן סקיי | C17: 892041104 | D17: דולר אמריקאי | E17: 2006-01-04 | F17: 1453051 | G17: 0.18 | H17: 9.35 | I17: 1.21 | J17: 0.01 | K17: 0
B18: קרן פלנוס | C18: 890015209 | D18: דולר אמריקאי | E18: 2005-01-20 | F18: 442634 | G18: 29.89 | H18: 471.83 | I18: 0.8 | J18: 0.29 | K18: 0.02
B19: VINTAGE 5 ACCESS | C19: 800075749 | D19: דולר אמריקאי | E19: 2018-11-13 | F19: 219671 | G19: 97.24 | H19: 761.76 | I19: 0 | J19: 0.46 | K19: 0.03
B20: *אייפקס מדיום ישראל | C20: 800069791 | D20: דולר אמריקאי | E20: 21/03/2016 | F20: 3312688.6 | G20: 113.33 | H20: 13388.33 | I20: 0 | J20: 8.15 | K20: 0.59
B21: ורטקס 2B | C21: 800069809 | D21: דולר אמריקאי | E21: 11/11/2015 | F21: 750000 | G21: 0.25 | H21: 6.79 | I21: 0 | J21: 0 | K21: 0
B22: שותפות מוגבלת - קרן פייר | C22: 890016306 | D22: שקל חדש | E22: 2003-06-30 | F22: 1500000 | G22: 32 | H22: 480 | I22: 0 | J22: 0.29 | K22: 0.02
B23: קרן פימי אופורטיוניטי 4 ס | C23: 892036203 | D23: דולר אמריקאי | E23: 2008-01-08 | F23: 1652865 | G23: 46.35 | H23: 2732.23 | I23: 0.49 | J23: 1.66 | K23: 0.12
B24: מדיקה 2 קרן הון סיכון | C24: 890016108 | D24: דולר אמריקאי | E24: 2001-03-28 | F24: 300000 | G24: 0.41 | H24: 4.41 | I24: 0.19 | J24: 0 | K24: 0
B25: סה"כ קרנות גידור | F25: 21028776 | H25: 33975.57 | J25: 20.69 | K25: 1.51
B26: אלפא הזדמנויות | C26: 800073256 | D26: שקל חדש | E26: 02/07/2017 | F26: 8992456.4 | G26: 114.87 | H26: 10329.45 | I26: 0 | J26: 6.29 | K26: 0.46
B27: 'נוקד אופורטיוניטי סדרה א | C27: 10090 | D27: שקל חדש | E27: 2014-06-15 | F27: 12032257 | G27: 148.96 | H27: 17922.87 | I27: 0 | J27: 10.92 | K27: 0.79
B28: נוקד אקוויטי | C28: 800072613 | D28: שקל חדש | E28: 03/04/2017 | F28: 4062.13 | G28: 140892.83 | H28: 5723.25 | I28: 0 | J28: 3.49 | K28: 0.25
B29: סה"כ קרנות נדל"ן | F29: 5631269 | H29: 6025.02 | J29: 3.67 | K29: 0.27
B30: יסודות הנדל"ן 2 | C30: 800075004 | D30: שקל חדש | E30: 30/01/2018 | F30: 5631269 | G30: 106.99 | H30: 6025.02 | I30: 0.59 | J30: 3.67 | K30: 0.27
B31: סה"כ קרנות השקעה אחרות | F31: 5955133.3 | H31: 10869.87 | J31: 6.62 | K31: 0.48
B32: FIMI Israel Opportunity 5 | C32: 800001802 | D32: דולר אמריקאי | E32: 27/08/2012 | F32: 1364575.5 | G32: 162.1 | H32: 7888.02 | I32: 0.16 | J32: 4.8 | K32: 0.35
B33: ( קרן )KLIRMARK | C33: 892169103 | D33: שקל חדש | E33: 2009-03-30 | F33: 3174150 | G33: 2.83 | H33: 89.78 | I33: 0 | J33: 0.05 | K33: 0
B34: קרן טנא הון צמיחה | C34: 892108200 | D34: דולר אמריקאי | E34: 2006-12-03 | F34: 971436.8 | G34: 67.18 | H34: 2327.26 | I34: 0.71 | J34: 1.42 | K34: 0.1
B35: קרן פלנוס 3 (ס) | C35: 892155102 | D35: דולר אמריקאי | E35: 2007-10-24 | F35: 444971 | G35: 35.59 | H35: 564.82 | I35: 0.37 | J35: 0.34 | K35: 0.02
B36: סה"כ קרנות השקעה בחו"ל | F36: 18275638 | H36: 91777.55 | J36: 55.9 | K36: 4.07
B37: סה"כ קרנות הון סיכון | F37: 2323040.1 | H37: 1589.33 | J37: 0.97 | K37: 0.07
B38: *אייפקס 6 | C38: 890170202 | D38: אירו | E38: 2005-04-14 | F38: 455000 | G38: 15.9 | H38: 293.9 | I38: 0.01 | J38: 0.18 | K38: 0.01
B39: *קרן אייפקס אירופה 7 | C39: 890050107 | D39: אירו | E39: 2007-06-25 | F39: 1868040.1 | G39: 17.07 | H39: 1295.43 | I39: 0.02 | J39: 0.79 | K39: 0.06
B40: סה"כ קרנות גידור | F40: 2102757.2 | H40: 53990.32 | J40: 32.89 | K40: 2.4
B41: Hamilton Lane CI IV | C41: 800076333 | D41: דולר אמריקאי | E41: 2019-05-29 | F41: 2077214 | G41: 100 | H41: 7407.34 | I41: 0 | J41: 4.51 | K41: 0.33
B42: קרן גידור ION | C42: 800075558 | D42: דולר אמריקאי | E42: 30/07/2018 | F42: 1650 | G42: 96930.2 | H42: 5703.28 | I42: 0 | J42: 3.47 | K42: 0.25
B43: נוקד לונג | C43: 800075822 | D43: שקל חדש | E43: 2018-12-23 | F43: 4911.64 | G43: 114072.53 | H43: 5602.83 | I43: 0 | J43: 3.41 | K43: 0.25
B44: PI Emerging Markets II Class A | C44: 800071086 | D44: דולר אמריקאי | E44: 27/07/2016 | F44: 1403.55 | G44: 101257.83 | H44: 5068.01 | I44: 0 | J44: 3.09 | K44: 0.22
B45: SPHERA FUND | C45: 800073249 | D45: שקל חדש | E45: 31/12/2017 | F45: 13352.89 | G45: 118901.51 | H45: 15876.79 | I45: 0 | J45: 9.67 | K45: 0.7
B46: אורקה קרן גידור | C46: 800075731 | D46: דולר אמריקאי | E46: 2018-11-01 | F46: 1349.83 | G46: 108655.83 | H46: 5230.14 | I46: 0 | J46: 3.19 | K46: 0.23
B47: נוקד גלובל | C47: 800075087 | D47: דולר אמריקאי | E47: 01/05/2018 | F47: 2875.25 | G47: 88772.04 | H47: 9101.92 | I47: 0 | J47: 5.54 | K47: 0.4
B48: סה"כ קרנות נדל"ן | F48: 9396865.3 | H48: 29642.84 | J48: 18.06 | K48: 1.32
B49: בלו אטלנטיק פרטנרס | C49: 800070856 | D49: דולר אמריקאי | E49: 20/06/2016 | F49: 2500007.3 | G49: 114.91 | H49: 10244.01 | I49: 0 | J49: 6.24 | K49: 0.45
B50: PANTHEON ACCESS | C50: 800075301 | D50: דולר אמריקאי | E50: 21/05/2018 | F50: 1881250 | G50: 102.11 | H50: 6849.96 | I50: 0 | J50: 4.17 | K50: 0.3
B51: קרן אלקטרה נדלן 2 | C51: 800075921 | D51: דולר אמריקאי | E51: 2019-01-16 | F51: 2700000 | G51: 97.54 | H51: 9391.31 | I51: 0 | J51: 5.72 | K51: 0.42
B52: קרן בראק קפיטל | C52: 892132705 | D52: דולר אמריקאי | E52: 2007-03-15 | F52: 1405608 | G52: 24.16 | H52: 1211 | I52: 0.4 | J52: 0.74 | K52: 0.05
B53: קרן רוטשילד נדלן | C53: 800063026 | D53: אירו | E53: 06/01/2014 | F53: 910000 | G53: 52.67 | H53: 1946.56 | I53: 0.45 | J53: 1.19 | K53: 0.09
B54: סה"כ קרנות השקעה אחרות | F54: 4452975.8 | H54: 6555.05 | J54: 3.99 | K54: 0.29
B55: BlueBay | C55: 800076408 | D55: אירו | E55: 2019-06-17 | F55: 964654.55 | G55: 98.59 | H55: 3862.91 | I55: 0 | J55: 2.35 | K55: 0.17
B56: ICG NORTH AMERICA | C56: 800076077 | D56: דולר אמריקאי | E56: 2019-02-25 | F56: 139573.36 | G56: 98.41 | H56: 489.78 | I56: 0 | J56: 0.3 | K56: 0.02
B57: ICG EUROPE VIL | C57: 800075590 | D57: אירו | E57: 22/08/2018 | F57: 378159.92 | G57: 104.55 | H57: 1605.85 | I57: 0.01 | J57: 0.98 | K57: 0.07
B58: קרן המילטון ליין | C58: 892020207 | D58: דולר אמריקאי | E58: 2006-02-09 | F58: 2970588 | G58: 5.63 | H58: 596.51 | I58: 0 | J58: 0.36 | K58: 0.03
B59: * בעל ענין/צד קשור
B60: ** בהתאם לשיטה שיושמה בדוח הכספי
A61: 12:57:07 | B61: 2019-07-22
A62: סוף טבלה

Sheet לא סחיר - כתבי אופציה
A1: תחילת טבלה
B2: תאריך הדיווח | C2: 43646
B3: החברה המדווחת | C3: רעות חברה לניהול קופות גמל בע"מ
B4: שם מסלול/קרן/קופה | C4: רעות כללי
B5: מספר מסלול/קרן/קופה | C5: 392
B6: 1. ג. ניירות ערך לא סחירים
B7: .6 כתבי אופציה
B8: שם המנפיק/שם נייר ערך | C8: מספר ני"ע | D8: ענף מסחר | E8: סוג מטבע | F8: תאריך רכישה | G8: ערך נקוב | H8: שער | I8: שווי הוגן | J8: שעור מערך נקוב מונפק | K8: שעור מנכסי אפיק ההשקעה | L8: שעור מסך נכסי השקעה**
G9: ש"ח | H9: אגורות | I9: אלפי ש"ח | J9: אחוזים | K9: אחוזים | L9: אחוזים
C10: (1) | D10: (2) | E10: (3) | F10: (4) | G10: (5) | H10: (6) | I10: (7) | J10: (8) | K10: (9) | L10: (10)
B11: סה"כ כתבי אופציה | I11: 5.27 | J11: 0 | K11: 100 | L11: 0
B12: סה"כ כתבי אופציה בישראל | I12: 5.27 | J12: 0 | K12: 100 | L12: 0
B13: מגוריט אופציה לא סחירה | C13: 800076168 | D13: אחר | E13: שקל חדש | F13: 2019-03-20 | G13: 727031 | H13: 0.72 | I13: 5.27 | J13: 0 | K13: 100 | L13: 0
B14: סה"כ כתבי אופציה בחו"ל | I14: 0 | J14: 0 | K14: 0 | L14: 0
B15: * בעל ענין/צד קשור
B16: ** בהתאם לשיטה שיושמה בדוח הכספי
A17: 12:57:07 | B17: 2019-07-22
A18: סוף טבלה

Sheet לא סחיר - אופציות
A1: תחילת טבלה
B2: תאריך הדיווח | C2: 30.06.2019
B3: החברה המדווחת | C3: רעות חברה לניהול קופות גמל בע"מ
B4: שם מסלול/קרן/קופה | C4: רעות כללי
B5: מספר מסלול/קרן/קופה | C5: 392
B6: 1. ג. ניירות ערך לא סחירים
B7: .7 אופציות
B8: שם המנפיק/שם נייר ערך | C8: מספר ני"ע | D8: ענף מסחר | E8: סוג מטבע | F8: תאריך רכישה | G8: ערך נקוב | H8: שער | I8: שווי הוגן | J8: שעור מערך נקוב מונפק | K8: שעור מנכסי אפיק ההשקעה | L8: שעור מסך נכסי השקעה**
F9: תאריך | G9: יחידות | I9: אלפי ש"ח | J9: אחוזים | K9: אחוזים | L9: אחוזים
C10: (1) | D10: (2) | E10: (3) | F10: (4) | G10: (5) | H10: (6) | I10: (7) | J10: (8) | K10: (9) | L10: (10)
B11: סה"כ אופציות | I11: 0 | J11: 0 | K11: 0 | L11: 0
B12: סה"כ אופציות בישראל | I12: 0 | J12: 0 | K12: 0 | L12: 0
B13: סה"כ מדדים כולל מניות | I13: 0 | J13: 0 | K13: 0 | L13: 0
B14: ש"ח / מט"ח | I14: 0 | J14: 0 | K14: 0 | L14: 0
B15: סה"כ מט"ח/ מט"ח | I15: 0 | J15: 0 | K15: 0 | L15: 0
B16: סה"כ ריבית | I16: 0 | J16: 0 | K16: 0 | L16: 0
B17: סה"כ אחר | I17: 0 | J17: 0 | K17: 0 | L17: 0
B18: סה"כ אופציות בחו"ל | I18: 0 | J18: 0 | K18: 0 | L18: 0
B19: סה"כ מדדים כולל מניות | I19: 0 | J19: 0 | K19: 0 | L19: 0
B20: סה"כ מטבע | I20: 0 | J20: 0 | K20: 0 | L20: 0
B21: סה"כ ריבית | I21: 0 | J21: 0 | K21: 0 | L21: 0
B22: סה"כ סחורות | I22: 0 | J22: 0 | K22: 0 | L22: 0
B23: סה"כ אחר | I23: 0 | J23: 0 | K23: 0 | L23: 0
B24: * בעל ענין/צד קשור
B25: ** בהתאם לשיטה שיושמה בדוח הכספי
A26: 12:57:07 | B26: 2019-07-22
A27: סוף טבלה

Sheet לא סחיר - חוזים עתידיים
A1: תחילת טבלה
B2: תאריך הדיווח | C2: 43646
B3: החברה המדווחת | C3: רעות חברה לניהול קופות גמל בע"מ
B4: שם מסלול/קרן/קופה | C4: רעות כללי
B5: מספר מסלול/קרן/קופה | C5: 392
B6: 1. ג. ניירות ערך לא סחירים
B7: .8 חוזים עתידיים
B8: שם המנפיק/שם נייר ערך | C8: מספר ני"ע | D8: ענף מסחר | E8: סוג מטבע | F8: תאריך רכישה | G8: ערך נקוב | H8: שער | I8: שווי הוגן | J8: שעור מנכסי אפיק ההשקעה | K8: שעור מסך נכסי השקעה**
G9: ש"ח | H9: אגורות | I9: אלפי ש"ח | J9: אחוזים | K9: אחוזים
C10: (1) | D10: (2) | E10: (3) | F10: (4) | G10: (5) | H10: (6) | I10: (7) | J10: (8) | K10: (9)
B11: סה"כ חוזים עתידיים | I11: 2584.15 | J11: 100 | K11: 0.11
B12: סה"כ חוזים עתידיים בישראל | I12: 2584.15 | J12: 100 | K12: 0.11
B13: סה"כ מדדים כולל מניות | I13: 0 | J13: 0 | K13: 0
B14: ש"ח / מט"ח | I14: 2584.15 | J14: 100 | K14: 0.11
B15: חוזה עתידי forward 17/07/19 | C15: 9126970845 | D15: ל.ר | E15: שקל חדש | F15: 16/01/2019 | G15: -15970000 | H15: -15.23 | I15: 2432.87 | J15: 94.15 | K15: 0.11
B16: חוזה עתידי forward 17/07/19 | C16: 9126970810 | D16: ל.ר | E16: שקל חדש | F16: 16/01/2019 | G16: -4200000 | H16: -7.76 | I16: 325.92 | J16: 12.61 | K16: 0.01
B17: חוזה עתידי forward 11/07/19 | C17: 9127033843 | D17: ל.ר | E17: שקל חדש | F17: 29/03/2019 | G17: 11500000 | H17: -5.08 | I17: -584.31 | J17: -22.61 | K17: -0.03
B18: חוזה עתידי forward 18/09/19 | C18: 9127101985 | D18: ל.ר | E18: שקל חדש | F18: 2019-06-18 | G18: -2075000 | H18: -4.33 | I18: 89.95 | J18: 3.48 | K18: 0
B19: חוזה עתידי forward 11/07/19 | C19: 9127106197 | D19: ל.ר | E19: שקל חדש | F19: 2019-06-24 | G19: -5934454 | H19: -4.06 | I19: 241 | J19: 9.33 | K19: 0.01
B20: חוזה עתידי forward 17/07/19 | C20: 9127034027 | D20: ל.ר | E20: שקל חדש | F20: 29/03/2019 | G20: 10200000 | H20: -3.76 | I20: -383.93 | J20: -14.86 | K20: -0.02
B21: חוזה עתידי forward 11/07/19 | C21: 9127020708 | D21: ל.ר | E21: שקל חדש | F21: 2019-03-13 | G21: -20485000 | H21: -2.1 | I21: 430.39 | J21: 16.65 | K21: 0.02
B22: חוזה עתידי forward 11/07/19 | C22: 9127092259 | D22: ל.ר | E22: שקל חדש | F22: 07/06/2019 | G22: -2150000 | H22: -2.6 | I22: 55.92 | J22: 2.16 | K22: 0
B23: חוזה עתידי forward 18/09/19 | C23: 9127101987 | D23: ל.ר | E23: שקל חדש | F23: 2019-06-18 | G23: -1618000 | H23: 1.42 | I23: -22.93 | J23: -0.89 | K23: 0
B24: חוזה עתידי forward 18/09/19 | C24: 9127101983 | D24: ל.ר | E24: שקל חדש | F24: 2019-06-18 | G24: -45000 | H24: 1.62 | I24: -0.73 | J24: -0.03 | K24: 0
B25: סה"כ מט"ח/ מט"ח | I25: 0 | J25: 0 | K25: 0
B26: סה"כ ריבית | I26: 0 | J26: 0 | K26: 0
B27: סה"כ אחר | I27: 0 | J27: 0 | K27: 0
B28: סה"כ חוזים עתידיים בחו"ל | I28: 0 | J28: 0 | K28: 0
B29: סה"כ מדדים כולל מניות | I29: 0 | J29: 0 | K29: 0
B30: סה"כ מטבע | I30: 0 | J30: 0 | K30: 0
B31: סה"כ ריבית | I31: 0 | J31: 0 | K31: 0
B32: סה"כ אחר | I32: 0 | J32: 0 | K32: 0
B33: * בעל ענין/צד קשור
B34: ** בהתאם לשיטה שיושמה בדוח הכספי
A35: 12:57:07 | B35: 2019-07-22
A36: סוף טבלה

Sheet לא סחיר - מוצרים מובנים
A1: תחילת טבלה
B2: תאריך הדיווח | C2: 30.06.2019
B3: החברה המדווחת | C3: רעות חברה לניהול קופות גמל בע"מ
B4: שם מסלול/קרן/קופה | C4: רעות כללי
B5: מספר מסלול/קרן/קופה | C5: 392
B6: 1. ג. ניירות ערך לא סחירים
B7: .9 מוצרים מובנים
B8: שם המנפיק/שם נייר ערך | C8: מספר ני"ע | D8: נכס הבסיס | E8: דירוג | F8: שם מדרג | G8: תאריך רכישה | H8: מח"מ | I8: סוג מטבע | J8: שיעור ריבית | K8: תשואה לפדיון | L8: ערך נקוב | M8: שער | N8: שווי הוגן | O8: שעור מערך נקוב מונפק | P8: שעור מנכסי אפיק ההשקעה | Q8: שעור מסך נכסי השקעה**
G9: תאריך | H9: שנים | J9: אחוזים | K9: אחוזים | L9: ש"ח | M9: אגורות | N9: אלפי ש"ח | O9: אחוזים | P9: אחוזים | Q9: אחוזים
C10: (1) | D10: (2) | E10: (3) | F10: (4) | G10: (5) | H10: (6) | I10: (7) | J10: (8) | K10: (9) | L10: (10) | M10: (11) | N10: (12) | O10: (13) | P10: (14) | Q10: (15)
B11: סה"כ מוצרים מובנים | H11: 0 | J11: 0 | K11: 0 | N11: 0 | P11: 0 | Q11: 0
B12: סה"כ בישראל | H12: 0 | J12: 0 | K12: 0 | N12: 0 | P12: 0 | Q12: 0
B13: סה"כ קרן מובטחת | H13: 0 | J13: 0 | K13: 0 | N13: 0 | P13: 0 | Q13: 0
B14: סה"כ קרן לא מובטחת | H14: 0 | J14: 0 | K14: 0 | N14: 0 | P14: 0 | Q14: 0
B15: סה"כ מוצרים מאוגחים | H15: 0 | J15: 0 | K15: 0 | N15: 0 | P15: 0 | Q15: 0
B16: סה"כ בחו"ל | H16: 0 | J16: 0 | K16: 0 | N16: 0 | P16: 0 | Q16: 0
B17: סה"כ קרן מובטחת | H17: 0 | J17: 0 | K17: 0 | N17: 0 | P17: 0 | Q17: 0
B18: סה"כ קרן לא מובטחת | H18: 0 | J18: 0 | K18: 0 | N18: 0 | P18: 0 | Q18: 0
B19: סה"כ מוצרים מאוגחים | H19: 0 | J19: 0 | K19: 0 | N19: 0 | P19: 0 | Q19: 0
B20: * בעל ענין/צד קשור
B21: ** בהתאם לשיטה שיושמה בדוח הכספי
A22: 12:57:07 | B22: 2019-07-22
A23: סוף טבלה

Sheet הלוואות
A1: תחילת טבלה
B2: תאריך הדיווח | C2: 43646
B3: החברה המדווחת | C3: רעות חברה לניהול קופות גמל בע"מ
B4: שם מסלול/קרן/קופה | C4: רעות כללי
B5: מספר מסלול/קרן/קופה | C5: 392
B6: 1. ד. הלוואות
B7: שם נייר ערך | C7: קונסורציום כן/לא | D7: מספר נייר | E7: מספר מנפיק | F7: דירוג | G7: תאריך רכישה | H7: שם מדרג | I7: מח"מ | J7: סוג מטבע | K7: שעור ריבית ממוצע | L7: תשואה לפדיון | M7: ערך נקוב | N7: שער | O7: שווי הוגן | P7: שעור מנכסי אפיק ההשקעה | Q7: שעור מסך נכסי השקעה**
G8: תאריך | I8: שנים | K8: אחוזים | L8: אחוזים | M8: יחידות | O8: אלפי ש"ח | P8: אחוזים | Q8: אחוזים
C9: (1) | D9: (2) | E9: (3) | F9: (4) | G9: (5) | H9: (6) | I9: (7) | J9: (8) | K9: (9) | L9: (10) | M9: (11) | N9: (12) | O9: (13) | P9: (14) | Q9: (15)
B10: סה"כ הלוואות | I10: 2.53 | K10: 1.59 | L10: 1.06 | O10: 86367.98 | P10: 100 | Q10: 3.83
B11: סה"כ הלוואות בישראל | I11: 2.53 | K11: 1.59 | L11: 1.06 | O11: 86367.98 | P11: 100 | Q11: 3.83
B12: סה"כ כנגד חסכון עמיתים/מבוטחים | I12: 1.9 | K12: 0 | L12: 1.52 | O12: 58883.39 | P12: 68.18 | Q12: 2.61
B13: חייבים הלוואות | D13: 124 | F13: AA+IL | H13: מעלות S&P | I13: 0 | J13: שקל חדש | K13: 0 | L13: 0 | M13: 0 | N13: 0 | O13: 0.2 | P13: 0 | Q13: 0
B14: חוזרים הלוואות | C14: לא | D14: 800069338 | E14: 99608 | F14: AA+ | G14: 21/07/2015 | H14: פנימי | I14: 0 | J14: שקל חדש | K14: 0 | L14: 0 | M14: 5874.13 | N14: 100 | O14: 5.87 | P14: 0.01 | Q14: 0
B15: הלוואה לעמיתים1 | C15: לא | D15: 893000109 | E15: 99608 | F15: AA+ | G15: 2012-12-24 | H15: פנימי | I15: 1.9 | J15: שקל חדש | K15: 0 | L15: 1.52 | M15: 57609893 | N15: 102.2 | O15: 58877.31 | P15: 68.17 | Q15: 2.61
B16: סה"כ מובטחות במשכנתא או תיקי משכנתאות | I16: 0.7 | K16: 4.95 | L16: 0.32 | O16: 0.01 | P16: 0 | Q16: 0
B17: סדרה 4 10.5 2020/96 'אדנים משכ | C17: לא | D17: 872549803 | E17: 520022690 | F17: ללא דירוג | G17: 1996-04-12 | H17: ללא דירוג | I17: 0.7 | J17: שקל חדש | K17: 0.0495 | L17: 0.32 | M17: 5 | N17: 165.24 | O17: 0.01 | P17: 0 | Q17: 0
B18: סה"כ מובטחות בערבות בנקאית | I18: 0 | K18: 0 | L18: 0 | O18: 0 | P18: 0 | Q18: 0
B19: סה"כ מובטחות בבטחונות אחרים | I19: 3.88 | K19: 4.98 | L19: 0.09 | O19: 27484.59 | P19: 31.82 | Q19: 1.22
B20: חוצה ישראל אג"ח 1 | C20: כן | D20: 90150502 | E20: 512475203 | F20: Aa2.il | G20: 2000-01-03 | H20: מידרוג | I20: 4.07 | J20: שקל חדש | K20: 0.038768 | L20: 0.13 | M20: 32592.73 | N20: 155.69 | O20: 50.74 | P20: 0.06 | Q20: 0 | R20: 890010200
B21: חוצה ישראל אג"ח 1 (3) | C21: כן | D21: 90150503 | E21: 512475203 | F21: Aa2.il | G21: 2000-03-30 | H21: מידרוג | I21: 4.07 | J21: שקל חדש | K21: 0.038766 | L21: 0.13 | M21: 366688.96 | N21: 157.17 | O21: 576.32 | P21: 0.67 | Q21: 0.03 | R21: 890010408
B22: חוצה ישראל אג"ח 1 (4) | C22: כן | D22: 90150504 | E22: 512475203 | F22: Aa2.il | G22: 2000-07-06 | H22: מידרוג | I22: 4.07 | J22: שקל חדש | K22: 0.038767 | L22: 0.13 | M22: 420219.41 | N22: 155.55 | O22: 653.65 | P22: 0.76 | Q22: 0.03 | R22: 890010705
B23: חוצה ישראל אג"ח 1(5) | C23: כן | D23: 90150505 | E23: 512475203 | F23: Aa2.il | G23: 2000-10-05 | H23: מידרוג | I23: 4.07 | J23: שקל חדש | K23: 0.038767 | L23: 0.13 | M23: 490392.07 | N23: 155.55 | O23: 762.8 | P23: 0.88 | Q23: 0.03 | R23: 890010804
B24: חוצה ישראל אג"ח 1 (6) | C24: כן | D24: 90150506 | E24: 512475203 | F24: Aa2.il | G24: 2000-12-31 | H24: מידרוג | I24: 4.07 | J24: שקל חדש | K24: 0.038767 | L24: 0.13 | M24: 497162.33 | N24: 155.55 | O24: 773.34 | P24: 0.89 | Q24: 0.03 | R24: 890011109
B25: חוצה ישראל אג"ח 1 (7) | C25: כן | D25: 90150507 | E25: 512475203 | F25: Aa2.il | G25: 2001-03-29 | H25: מידרוג | I25: 4.07 | J25: שקל חדש | K25: 0.038768 | L25: 0.13 | M25: 466949.36 | N25: 156.77 | O25: 732.04 | P25: 0.85 | Q25: 0.03 | R25: 890011307
B26: חוצה ישראל אג"ח 1 | C26: כן | D26: 90150501 | E26: 512475203 | F26: Aa2.il | G26: 1999-10-28 | H26: מידרוג | I26: 4.07 | J26: שקל חדש | K26: 0.038767 | L26: 0.13 | M26: 846980.04 | N26: 156.43 | O26: 1324.93 | P26: 1.53 | Q26: 0.06 | R26: 890010002
B27: חוצה ישראל אג"ח 1 (10) | C27: כן | D27: 90150510 | E27: 512475203 | F27: Aa2.il | G27: 2001-12-31 | H27: מידרוג | I27: 4.07 | J27: שקל חדש | K27: 0.038766 | L27: 0.13 | M27: 1020857.5 | N27: 153.38 | O27: 1565.79 | P27: 1.81 | Q27: 0.07 | R27: 890011901
B28: חוצה ישראל אג"ח 1 (11) | C28: כן | D28: 90150511 | E28: 512475203 | F28: Aa2.il | G28: 2002-03-31 | H28: מידרוג | I28: 4.07 | J28: שקל חדש | K28: 0.038767 | L28: 0.13 | M28: 756895.51 | N28: 150.7 | O28: 1140.64 | P28: 1.32 | Q28: 0.05 | R28: 890012107
B29: חוצה ישראל אג"ח 1 (12) | C29: כן | D29: 90150512 | E29: 512475203 | F29: Aa2.il | G29: 2002-06-30 | H29: מידרוג | I29: 4.07 | J29: שקל חדש | K29: 0.038768 | L29: 0.13 | M29: 588971.18 | N29: 146.32 | O29: 861.78 | P29: 1 | Q29: 0.04 | R29: 890012305
B30: חוצה ישראל אג"ח 1 (13) | C30: כן | D30: 90150513 | E30: 512475203 | F30: Aa2.il | G30: 2002-09-30 | H30: מידרוג | I30: 4.07 | J30: שקל חדש | K30: 0.038767 | L30: 0.13 | M30: 732748.93 | N30: 144.02 | O30: 1055.3 | P30: 1.22 | Q30: 0.05 | R30: 890012503
B31: חוצה ישראל 1 (14) | C31: כן | D31: 90150514 | E31: 512475203 | F31: Aa2.il | G31: 2002-12-31 | H31: מידרוג | I31: 4.07 | J31: שקל חדש | K31: 0.038766 | L31: 0.13 | M31: 705618.63 | N31: 143.75 | O31: 1014.33 | P31: 1.17 | Q31: 0.04 | R31: 890012701
... B41: דרך ארץ מזאנין 2 | C41: כן | D41: 901502000 | E41: 512475203 | F41: A2.il | G41: 2011-03-16 | H41: מידרוג | I41: 3.53 | J41: שקל חדש | K41: 0.0715 | L41: 0.01 | M41: 5822024.2 | N41: 139.6 | O41: 8127.55 | P41: 9.41 | Q41: 0.36 | R41: 892190604
B42: סה"כ מובטחות בשעבוד כלי רכב | I42: 0 | K42: 0 | L42: 0 | O42: 0 | P42: 0 | Q42: 0
B43: סה"כ הלוואות לסוכנים | I43: 0 | K43: 0 | L43: 0 | O43: 0 | P43: 0 | Q43: 0
B44: מובטחות בתזרים עמלות
B45: בטחונות אחרים
B46: סה"כ הלוואות לעובדים ונושאי משרה | I46: 0 | K46: 0 | L46: 0 | O46: 0 | P46: 0 | Q46: 0
B47: סה"כ לא מובטחות | I47: 0 | K47: 0 | L47: 0 | O47: 0 | P47: 0 | Q47: 0
B48: סה"כ הלוואות בחו"ל | I48: 0 | K48: 0 | L48: 0 | O48: 0 | P48: 0 | Q48: 0
B49: סה"כ מובטחות במשכנתא או תיקי משכנתאות | I49: 0 | K49: 0 | L49: 0 | O49: 0 | P49: 0 | Q49: 0
B50: סה"כ מובטחות בערבות בנקאית | I50: 0 | K50: 0 | L50: 0 | O50: 0 | P50: 0 | Q50: 0
B51: סה"כ מובטחות בבטחונות אחרים | I51: 0 | K51: 0 | L51: 0 | O51: 0 | P51: 0 | Q51: 0
B52: סה"כ לא מובטחות | I52: 0 | K52: 0 | L52: 0 | O52: 0 | P52: 0 | Q52: 0
B53: * בעל ענין/צד קשור
B54: ** בהתאם לשיטה שיושמה בדוח הכספי
A55: 12:57:07 | B55: 2019-07-22
A56: סוף טבלה

Sheet פקדונות מעל 3 חודשים
A1: תחילת טבלה
B2: תאריך הדיווח | C2: 43646
B3: החברה המדווחת | C3: רעות חברה לניהול קופות גמל בע"מ
B4: שם מסלול/קרן/קופה | C4: רעות כללי
B5: מספר מסלול/קרן/קופה | C5: 392
B7: שם המנפיק/שם נייר ערך | C7: מספר ני"ע | D7: מספר מנפיק | E7: דירוג | F7: שם מדרג | G7: מח"מ | H7: סוג מטבע | I7: תנאי ושעור ריבית | J7: תשואה לפדיון | K7: ערך נקוב | L7: שער | M7: שווי הוגן | N7: שעור מנכסי אפיק ההשקעה | O7: שעור מסך נכסי השקעה**
G8: שנים | I8: אחוזים | J8: אחוזים | K8: ש"ח | L8: אגורות | M8: אלפי ש"ח | N8: אחוזים | O8: אחוזים
C9: (1) | D9: (2) | E9: (3) | F9: (4) | G9: (5) | H9: (6) | I9: (7) | J9: (8) | K9: (9) | L9: (10) | M9: (11) | N9: (12) | O9: (13)
B10: 1. ה. סה"כ פקדונות מעל 3 חודשים | G10: 0.46 | I10: 5.58 | J10: 0.09 | M10: 618.16 | N10: 100 | O10: 0.03
B11: סה"כ בישראל | G11: 0.46 | I11: 5.58 | J11: 0.09 | M11: 618.16 | N11: 100 | O11: 0.03
B12: סה"כ צמוד למדד | G12: 0.46 | I12: 5.58 | J12: 0.09 | M12: 618.16 | N12: 100 | O12: 0.03
B13: מזרחי טפחות פקדון | C13: 866825409 | D13: 20 | E13: ilAAA | F13: מעלות S&P | G13: 0.78 | H13: שקל חדש | I13: 6.55 | J13: -0.08 | K13: 132990.56 | L13: 143.41 | M13: 190.72 | N13: 30.85 | O13: 0.01 | P13: 866825409
B14: פועלים משכן 94/2020 04.500 | C14: 864753967 | D14: 12 | E14: ilAAA | F14: מעלות S&P | G14: 0.28 | H14: שקל חדש | I14: 4.5 | J14: 0.18 | K14: 95999.62 | L14: 270.44 | M14: 259.62 | N14: 42 | O14: 0.01 | P14: 864753967
B15: בינלאומי פקדון | C15: 873418107 | D15: 31 | E15: ilAA+ | F15: מעלות S&P | G15: 0.35 | H15: שקל חדש | I15: 6.13 | J15: 0.21 | K15: 44360.83 | L15: 138.59 | M15: 61.48 | N15: 9.95 | O15: 0 | P15: 873418107
B16: בינלאומי פקדון | C16: 873418503 | D16: 31 | E16: ilAA+ | F16: מעלות S&P | G16: 0.42 | H16: שקל חדש | I16: 6.2 | J16: 0.1 | K16: 31853.57 | L16: 139.28 | M16: 44.37 | N16: 7.18 | O16: 0 | P16: 873418503
B17: בינלאומי פקדון | C17: 873418305 | D17: 31 | E17: ilAA+ | F17: מעלות S&P | G17: 0.39 | H17: שקל חדש | I17: 6.17 | J17: 0.13 | K17: 44494.15 | L17: 139.29 | M17: 61.98 | N17: 10.03 | O17: 0 | P17: 873418305
B18: סה"כ לא צמוד | G18: 0 | I18: 0 | J18: 0 | M18: 0 | N18: 0 | O18: 0
B19: סה"כ נקוב במט"ח | G19: 0 | I19: 0 | J19: 0 | M19: 0 | N19: 0 | O19: 0
B20: סה"כ צמוד למט"ח | G20: 0 | I20: 0 | J20: 0 | M20: 0 | N20: 0 | O20: 0
B21: סה"כ אחר | G21: 0 | I21: 0 | J21: 0 | M21: 0 | N21: 0 | O21: 0
B22: סה"כ בחו"ל | G22: 0 | I22: 0 | J22: 0 | M22: 0 | N22: 0 | O22: 0
B23: * בעל ענין/צד קשור
B24: ** בהתאם לשיטה שיושמה בדוח הכספי
A25: 12:57:07 | B25: 2019-07-22
A26: סוף טבלה

Sheet זכויות מקרקעין
A1: תחילת טבלה
B2: תאריך הדיווח | C2: 43646
B3: החברה המדווחת | C3: רעות חברה לניהול קופות גמל בע"מ
B4: שם מסלול/קרן/קופה | C4: רעות כללי
B5: מספר מסלול/קרן/קופה | C5: 392
B6: זכויות במקרקעין
B7: שם המנפיק/שם נייר ערך | C7: תאריך שערוך אחרון | D7: אופי הנכס | E7: שעור תשואה במהלך התקופה | F7: סוג מטבע | G7: שווי משוערך | H7: שעור מנכסי אפיק ההשקעה | I7: שעור מסך נכסי השקעה** | J7: כתובת הנכס
C8: תאריך | E8: אחוזים | G8: אלפי ש"ח | H8: אחוזים | I8: אחוזים
C9: (1) | D9: (2) | E9: (3) | F9: (4) | G9: (5) | H9: (6) | I9: (7) | J9: (8)
B10: 1. ו. סה"כ מקרקעין | E10: 0 | G10: 0 | H10: 0 | I10: 0
B11: סה"כ מקרקעין בישראל | E11: 0 | G11: 0 | H11: 0 | I11: 0
B12: סה"כ מניב | E12: 0 | G12: 0 | H12: 0 | I12: 0
B13: סה"כ לא מניב | E13: 0 | G13: 0 | H13: 0 | I13: 0
B14: סה"כ מקרקעין בחו"ל | E14: 0 | G14: 0 | H14: 0 | I14: 0
B15: סה"כ מניב | E15: 0 | G15: 0 | H15: 0 | I15: 0
B16: סה"כ לא מניב | E16: 0 | G16: 0 | H16: 0 | I16: 0
B17: * בעל ענין/צד קשור
B18: ** בהתאם לשיטה שיושמה בדוח הכספי
A19: 12:57:07 | B19: 2019-07-22
A20: סוף טבלה

Sheet השקעה בחברות מוחזקות
A1: תחילת טבלה
B2: תאריך הדיווח | C2: 43646
B3: החברה המדווחת | C3: רעות חברה לניהול קופות גמל בע"מ
B4: שם מסלול/קרן/קופה | C4: רעות כללי
B5: מספר מסלול/קרן/קופה | C5: 392
B6: השקעה בחברות מוחזקות
B7: שם המנפיק/שם נייר ערך | C7: מספר מנפיק | D7: דירוג | E7: שם המדרג | F7: שיעור הריבית | G7: סוג מטבע | H7: תשואה לפדיון | I7: שווי הוגן | J7: שעור מנכסי אפיק ההשקעה | K7: שעור מסך נכסי השקעה**
F8: אחוזים | H8: אחוזים | I8: אלפי ש"ח | J8: אחוזים | K8: אחוזים
C9: (1) | D9: (2) | E9: (3) | F9: (4) | G9: (5) | H9: (6) | I9: (7) | J9: (8) | K9: (9)
B10: 1. ז. סה"כ השקעה בחברות מוחזקות | F10: 0 | H10: 0 | I10: 0 | J10: 0 | K10: 0
B11: סה"כ בישראל | F11: 0 | H11: 0 | I11: 0 | J11: 0 | K11: 0
B12: סה"כ בחו"ל | F12: 0 | H12: 0 | I12: 0 | J12: 0 | K12: 0
B13: * בעל ענין/צד קשור
B14: ** בהתאם לשיטה שיושמה בדוח הכספי
A15: 12:57:07 | B15: 2019-07-22
A16: סוף טבלה

Sheet השקעות אחרות
A1: תחילת טבלה
B2: תאריך הדיווח | C2: 43646
B3: החברה המדווחת | C3: רעות חברה לניהול קופות גמל בע"מ
B4: שם מסלול/קרן/קופה | C4: רעות כללי
B5: מספר מסלול/קרן/קופה | C5: 392
B7: שם המנפיק/שם נייר ערך | C7: מספר הנייר | D7: דירוג | E7: שם המדרג | F7: שיעור הריבית | G7: סוג מטבע | H7: תשואה לפדיון | I7: שווי הוגן | J7: שעור מנכסי אפיק ההשקעה | K7: שעור מסך נכסי השקעה**
F8: אחוזים | H8: אחוזים | I8: אלפי ש"ח | J8: אחוזים | K8: אחוזים
C9: (1) | D9: (2) | E9: (3) | F9: (4) | G9: (5) | H9: (6) | I9: (7) | J9: (8) | K9: (9)
B10: ח. 1. סה"כ השקעות אחרות | I10: 1286.22 | J10: 100 | K10: 0.06
B11: סה"כ בישראל | I11: 1286.22 | J11: 100 | K11: 0.06
B12: אגרק אגא חש12/4 | C12: 1126770 | D12: D.il | E12: מידרוג | F12: 0 | G12: שקל חדש | H12: 0 | I12: 0 | J12: 0 | K12: 0
B13: אמפלאמ ב חש12/1 | C13: 1125624 | D13: D.il | E13: מידרוג | F13: 0 | G13: שקל חדש | H13: 0 | I13: 271.94 | J13: 21.14 | K13: 0.01
B14: אמפלאמ ב חש13/1 | C14: 1127679 | D14: D.il | E14: מידרוג | F14: 0 | G14: שקל חדש | H14: 0 | I14: 271.94 | J14: 21.14 | K14: 0.01
B15: אמפל אמריקן אג"ח ב' חש 14/1 | C15: 1131184 | D15: D.il | E15: מידרוג | F15: 0 | G15: שקל חדש | H15: 0 | I15: 271.94 | J15: 21.14 | K15: 0.01
B16: אמפל אמריקן ישראל אגח ב' חש | C16: 1134394 | D16: D.il | E16: מידרוג | F16: 0 | G16: שקל חדש | H16: 0 | I16: 271.94 | J16: 21.14 | K16: 0.01
B17: קרנו ב חש18/2 | C17: 1143270 | D17: ללא דירוג | E17: ללא דירוג | F17: 0 | G17: שקל חדש | H17: 0 | I17: 198.47 | J17: 15.43 | K17: 0.01
B18: סה"כ בחו"ל | I18: 0 | J18: 0 | K18: 0
B19: * בעל ענין/צד קשור
B20: ** בהתאם לשיטה שיושמה בדוח הכספי
A21: 12:57:07 | B21: 2019-07-22
A22: סוף טבלה

Sheet יתרת התחייבות להשקעה
A1: תחילת טבלה
B2: תאריך הדיווח | C2: 43646
B3: החברה המדווחת | C3: רעות חברה לניהול קופות גמל בע"מ
B4: שם מסלול/קרן/קופה | C4: רעות כללי
B5: מספר מסלול/קרן/קופה | C5: 392
B6: 1. ט. יתרות התחייבות להשקעה
B7: שם המנפיק/שם נייר ערך | C7: סכום ההתחייבות | D7: תאריך סיום ההתחייבות
C8: אלפי ש"ח | D8: תאריך
C9: (1) | D9: (2)
B10: סה'כ יתרות התחייבות להשקעה | C10: 79653.58
B11: סה"כ בישראל | C11: 16934.86
B12: טנא הון צמיחה 2 | C12: 101.86 | D12: 31/08/2019
B13: יסודות נדל""ן ב | C13: 6818.73 | D13: 31/12/2021
B14: כלירמרק אופרטוניטי פאנד | C14: 1040.85 | D14: 12/03/2019
B15: מרקסטון | C15: 1274.51 | D15: 28/01/2014
B16: סקיי 1 | C16: 363.55 | D16: 31/08/2017
B17: פימי 4 | C17: 1237.88 | D17: 31/12/2019
B18: פימי 5 | C18: 482.92 | D18: 15/08/2020
B19: פימי 6 | C19: 4602.08 | D19: 31/12/2020
B20: פימי אופרטוניטי 2 | C20: 807.92 | D20: 31/12/2019
B21: פלנוס 2 | C21: 204.57 | D21: 30/06/2021
B22: סה"כ בחו"ל | C22: 62718.72
B23: BlueBay | C23: 20451.56 | D23: 31/12/2025
B24: ICG Europe VII | C24: 3947.23 | D24: 31/07/2028
B25: ICG North America | C25: 4316.38 | D25: 31/01/2029
B26: אייפקס מדיום מרקט ישראל | C26: 6016.95 | D26: 31/12/2019
B27: אלקטרה נדלן 2 | C27: 1069.8 | D27: 31/05/2023
B28: בראק קפיטל | C28: 336.6 | D28: 20/03/2020
B29: המילטון ליין 4 | C29: 13988.65 | D29: 30/04/2029
B30: המילטון ליין קו אינווסט | C30: 104.88 | D30: 20/10/2019
B31: וינטאג' 5 אקסס | C31: 6348.65 | D31: 31/07/2031
B32: פנתיאון אקסס | C32: 5772.46 | D32: 31/03/2031
B33: רוטשילד נדלן אדריס | C33: 365.54 | D33: 14/12/2019
B34: * בעל ענין / צד קשור
A35: 12:57:07 | B35: 2019-07-22
A36: סוף טבלה

Sheet עלות מתואמת אג"ח קונצרני סחיר
A1: תחילת טבלה
B2: תאריך הדיווח | C2: 30.06.2019
B3: החברה המדווחת | C3: רעות חברה לניהול קופות גמל בע"מ
B4: שם מסלול/קרן/קופה | C4: רעות כללי
B5: מספר מסלול/קרן/קופה | C5: 392
B6: 2.א. אג"ח קונצרי סחיר
B7: שם המנפיק/שם נייר ערך | C7: מספר ני"ע | D7: ענף מסחר | E7: דירוג | F7: שם מדרג | G7: תאריך רכישה | H7: מח"מ | I7: סוג מטבע | J7: שיעור ריבית | K7: ריבית אפקטיבית | L7: ערך נקוב | M7: עלות מתואמת | N7: שעור מערך נקוב מונפק | O7: שעור מנכסי אפיק ההשקעה | P7: שעור מסך נכסי השקעה**
G8: תאריך | H8: שנים | J8: אחוזים | K8: אחוזים | L8: יחידות | M8: אלפי ש"ח | N8: אחוזים | O8: אחוזים | P8: אחוזים
C9: (1) | D9: (2) | E9: (3) | F9: (4) | G9: (5) | H9: (6) | I9: (7) | J9: (8) | K9: (9) | L9: (10) | M9: (11) | N9: (12) | O9: (13) | P9: (14)
B10: סה"כ אג"ח קונצרני סחיר | H10: 0 | J10: 0 | K10: 0 | M10: 0 | O10: 0 | P10: 0
B11: סה"כ בישראל | H11: 0 | J11: 0 | K11: 0 | M11: 0 | O11: 0 | P11: 0
B12: סה"כ צמודות | H12: 0 | J12: 0 | K12: 0 | M12: 0 | O12: 0 | P12: 0
B13: סה"כ לא צמודות | H13: 0 | J13: 0 | K13: 0 | M13: 0 | O13: 0 | P13: 0
B14: סה"כ צמודות למט"ח | H14: 0 | J14: 0 | K14: 0 | M14: 0 | O14: 0 | P14: 0
B15: סה"כ צמודות למדד אחר | H15: 0 | J15: 0 | K15: 0 | M15: 0 | O15: 0 | P15: 0
B16: סה"כ בחו"ל:
B17: סה"כ חברות ישראליות בחו"ל
B18: סה"כ חברות זרות בחו"ל
A19: 12:57:07 | B19: 2019-07-22
A20: סוף טבלה

Sheet עלות מתואמת אג"ח קונצרני ל.סחיר
A1: תחילת טבלה
B2: תאריך הדיווח | C2: 30.06.2019
B3: החברה המדווחת | C3: רעות חברה לניהול קופות גמל בע"מ
B4: שם מסלול/קרן/קופה | C4: רעות כללי
B5: מספר מסלול/קרן/קופה | C5: 392
B6: 2. ב. אג"ח קונצרני לא סחיר
B7: שם המנפיק/שם נייר ערך | C7: מספר ני"ע | D7: ענף מסחר | E7: דירוג | F7: שם מדרג | G7: תאריך רכישה | H7: מח"מ | I7: סוג מטבע | J7: שיעור ריבית | K7: ריבית אפקטיבית | L7: ערך נקוב | M7: עלות מתואמת | N7: שעור מערך נקוב מונפק | O7: שעור מנכסי אפיק ההשקעה | P7: שעור מסך נכסי השקעה**
G8: תאריך | H8: שנים | J8: אחוזים | K8: אחוזים | L8: יחידות | M8: אלפי ש"ח | N8: אחוזים | O8: אחוזים | P8: אחוזים
C9: (1) | D9: (2) | E9: (3) | F9: (4) | G9: (5) | H9: (6) | I9: (7) | J9: (8) | K9: (9) | L9: (10) | M9: (11) | N9: (12) | O9: (13) | P9: (14)
B10: סה"כ אג"ח קונצרני לא סחיר | H10: 0 | J10: 0 | K10: 0 | M10: 0 | N10: 0 | O10: 0 | P10: 0
B11: בישראל | H11: 0 | J11: 0 | K11: 0 | M11: 0 | N11: 0 | O11: 0 | P11: 0
B12: סה"כ צמודות | H12: 0 | J12: 0 | K12: 0 | M12: 0 | N12: 0 | O12: 0 | P12: 0
B13: סה"כ לא צמודות | H13: 0 | J13: 0 | K13: 0 | M13: 0 | N13: 0 | O13: 0 | P13: 0
B14: סה"כ צמוד למט"ח | H14: 0 | J14: 0 | K14: 0 | M14: 0 | N14: 0 | O14: 0 | P14: 0
B15: סה"כ אחר | H15: 0 | J15: 0 | K15: 0 | M15: 0 | N15: 0 | O15: 0 | P15: 0
B16: סה"כ בחו"ל:
B17: סה"כ חברות ישראליות בחו"ל
B18: סה"כ חברות זרות בחו"ל
A19: 12:57:07 | B19: 2019-07-22
A20: סוף טבלה
